 Dungeon Crawl Stone Soup version 0.32-a0-995-gb4a5920 (webtiles) character file.

Game seed: 219480031449309357

16011527 Lovepenguin the Shapeless Oni (level 27, 323/323 HPs)
             Began as an Oni Berserker on Apr 22, 2024.
             Was a High Priest of Wu Jian.
             Escaped with the Orb
             ... and 15 runes!
             The game lasted 02:30:13 (97696 turns).

Lovepenguin the Shapeless Oni (Oni Berserker)      Turns: 97696, Time: 02:30:14

Health: 323/323    AC: 49    Str: 43    XL:     27
Magic:  39/39      EV: 13    Int:  8    God:    Wu Jian [*****.]
Gold:   12990      SH: 26    Dex:  9    Spells: 36/50 levels left

rFire   + +          .
                       - Unarmed
rCold   + + +        k - +3 tower shield {AC+3}
rNeg    + + +        l - +12 gold dragon scales
rPois   ∞            O - +2 hat {Will+}
rElec   +            S - +2 cloak {rCorr}
rCorr   +            (gloves unavailable)
SInv    +            (boots unavailable)
Will    +++++        y - amulet "Xasah" {rElec Regen+ Int+3} Stlth
                     q - ring of Lutoirr {Fly rF+ rN++ Will+}
HPRegen 2.33/turn    H - ring of see invisible
MPRegen 0.26/turn

%: no passive effects
@: death-form, flying, studying 3 skills
A: vile attack, torment immunity, no potions, large, unfitting armour, horns 1,
tough skin 1, double potion healing, drunken brawling, hooves 1, thin skeletal
structure 1, clumsy 1, cold resistance 1, dopey 1, sense surroundings 2,
regeneration 1, shaggy fur 1, strong 1, evolution 1, inability to read after
injury 1, persistent drain
0: Orb of Zot
}: 15/15 runes: decaying, slimy, silver, golden, iron, obsidian, icy, bone,
abyssal, demonic, glowing, magical, fiery, dark, gossamer
a: Siphon Essence, Begin Untransformation, Renounce Religion, Wall Jump,
Serpent's Lash, Heavenly Storm


You escaped.
You worshipped Wu Jian.
Wu Jian was extremely pleased with you.
You were an undying horror.
You visited 18 branches of the dungeon, and saw 88 of its levels.
You visited Pandemonium 2 times, and saw 16 of its levels.
You visited the Abyss 3 times.
You visited 1 bazaar.
You also visited: Bailey.

You collected 19952 gold pieces.
You spent 6962 gold pieces at shops.

Inventory:

Armour
 k - a +3 tower shield of protection (worn)
 l - +12 gold dragon scales (worn)
 O - a +2 hat of willpower (worn)
 S - a +2 cloak of preservation (worn)
Jewellery
 q - the ring of Lutoirr (left hand) {Fly rF+ rN++ Will+}
   (You found it on level 3 of the Crypt)

   [ring of protection from fire]

   rF+:       It protects you from fire.
   rN++:      It greatly protects you from negative energy.
   Will+:     It increases your willpower.
   Fly:       It grants you flight.
 y - the amulet "Xasah" (around neck) {rElec Regen+ Int+3}
   (You found it on level 5 of the Pits of Slime)

   [amulet of regeneration]

   Int+3:     It affects your intelligence (+3).
   rElec:     It insulates you from electricity.
   Regen+:    It increases your rate of health regeneration.
 H - a ring of see invisible (right hand)
Talismans
 g - the death talisman of Daisies (active) {Fly Dex+2}
   (You found it on level 1 of the Realm of Zot)

   [talisman of death]

   Dex+2:     It affects your dexterity (+2).
   Fly:       It grants you flight.
 u - the granite talisman of the Onion {rN+ Str-4 Dex+8}
   (You found it on level 3 of the Elven Halls)

   [granite talisman]

   Str-4:     It affects your strength (-4).
   Dex+8:     It affects your dexterity (+8).
   rN+:       It protects you from negative energy.
 v - a storm talisman
 P - a dragon-blood talisman
Wands
 i - a wand of digging (24)
 B - a wand of quicksilver (60)
 Q - a wand of roots (104)
Scrolls
 e - 9 scrolls of blinking
 j - 10 scrolls of fear
 n - 10 scrolls of revelation
 r - a scroll of enchant armour
 s - 6 scrolls of silence
 x - 13 scrolls of immolation
 A - 8 scrolls of amnesia
 I - 10 scrolls of fog
 K - 9 scrolls of teleportation
 L - 14 scrolls of poison
 M - 5 scrolls of butterflies
Potions
 b - 10 potions of enlightenment
 c - 32 potions of curing
 d - 4 potions of might
 f - 11 potions of brilliance
 h - a potion of invisibility
 m - 13 potions of heal wounds
 o - 10 potions of berserk rage
 p - 15 potions of attraction
 t - 9 potions of ambrosia
 C - 19 potions of lignification
 D - 7 potions of cancellation
 E - 6 potions of haste
 F - 5 potions of resistance
 G - 2 potions of magic
 J - 3 potions of mutation
Miscellaneous
 N - a figurine of a ziggurat


   Skills:
 O Level 27 Fighting
 * Level 26.1 Armour
 O Level 27 Dodging
 O Level 27 Shields
 O Level 27 Unarmed Combat
 - Level 12.0 Spellcasting
 - Level 10.2 Translocations
 O Level 27 Shapeshifting


You had 36 spell levels left.
You knew the following spells:

 Your Spells              Type           Power      Damage    Failure   Level
e - Maxwell's Portable P  Tloc           21%        2d(7-19)  1%          3
q - Blink                 Tloc           42%        N/A       1%          2
w - Lesser Beckoning      Tloc           42%        N/A       1%          2
z - Manifold Assault      Tloc           10%        N/A       99%         7

Your spell library contained the following spells:

 Spells                   Type           Power      Damage    Failure   Level
 Apportation              Tloc           42%        N/A       1%          1
 Teleport Other           Tloc           21%        N/A       1%          3
 Passage of Golubria      Tloc           21%        N/A       7%          4
 Momentum Strike          Conj/Tloc      24%        3d8       9%          2
 Foxfire                  Conj/Fire      16%        2x1d4     41%         1
 Freeze                   Ice            16%        1d4       41%         1
 Kiss of Death            Conj/Necr      16%        2d6       41%         1
 Magic Dart               Conj           16%        1d3       41%         1
 Necrotise                Necr           16%        1d4       41%         1
 Sandblast                Erth           8%         2d5       41%         1
 Shock                    Conj/Air       16%        1d4       41%         1
 Slow                     Hex            16%        N/A       41%         1
 Sting                    Conj/Alch      16%        1d4       41%         1
 Summon Small Mammal      Summ           16%        N/A       41%         1
 Dimensional Bullseye     Hex/Tloc       6%         N/A       47%         4
 Vhi's Electric Charge    Tloc/Air       24%        N/A       47%         4
 Call Imp                 Summ           8%         N/A       54%         2
 Cigotuvi's Dreadful Rot  Necr/Alch/Air  8%         N/A       54%         2
 Ensorcelled Hibernation  Hex/Ice        8%         N/A       54%         2
 Mercury Vapours          Alch/Air       8%         N/A       54%         2
 Searing Ray              Conj           8%         2d4       54%         2
 Sublimation of Blood     Necr           4%         N/A       54%         2
 Dispersal                Tloc           10%        N/A       71%         6
 Gell's Gavotte           Tloc           10%        2d(16-23) 71%         6
 Call Canine Familiar     Summ           4%         N/A       78%         3
 Confusing Touch          Hex            4%         N/A       78%         3
 Dazzling Flash           Conj/Hex       8%         N/A       78%         3
 Frozen Ramparts          Ice            8%         1d2       78%         3
 Fugue of the Fallen      Necr           4%         N/A       78%         3
 Hailstorm                Conj/Ice       4%         3d5       78%         3
 Inner Flame              Hex/Fire       4%         N/A       78%         3
 Mephitic Cloud           Conj/Alch/Air  4%         N/A       78%         3
 Ozocubu's Armour         Ice            4%         N/A       78%         3
 Passwall                 Erth           4%         N/A       78%         3
 Sigil of Binding         Hex            4%         N/A       78%         3
 Stone Arrow              Conj/Erth      8%         3d7       78%         3
 Summon Ice Beast         Ice/Summ       4%         N/A       78%         3
 Swiftness                Air            4%         N/A       78%         3
 Vampiric Draining        Necr           4%         2d6       78%         3
 Summon Forest            Summ/Tloc      6%         N/A       83%         5
 Airstrike                Air            2%         2d(1-17)  99%         4
 Anguish                  Hex/Necr       2%         N/A       99%         4
 Animate Armour           Summ/Erth      8%         N/A       99%         4
 Animate Dead             Necr           4%         N/A       99%         4
 Brom's Barrelling Bould  Conj/Erth      4%         2d3       99%         4
 Dispel Undead            Necr           4%         3d7       99%         4
 Fulminant Prism          Conj/Alch      2%         3d5       99%         4
 Ignite Poison            Fire/Alch      4%         N/A       99%         4
 Leda's Liquefaction      Alch/Erth      2%         N/A       99%         4
 Martyr's Knell           Necr/Summ      4%         N/A       99%         4
 Olgreb's Toxic Radiance  Alch           4%         N/A       99%         4
 Petrify                  Alch/Erth      4%         N/A       99%         4
 Sticky Flame             Fire/Alch      4%         2d4       99%         4
 Summon Blazeheart Golem  Fire/Summ      4%         N/A       99%         4
 Summon Lightning Spire   Summ/Air       4%         N/A       99%         4
 Alistair's Intoxication  Alch           2%         N/A       100%        5
 Arcjolt                  Conj/Air       2%         1d12      100%        5
 Borgnjor's Vile Clutch   Necr/Erth      2%         N/A       100%        5
 Curse of Agony           Necr           4%         N/A       100%        5
 Fireball                 Conj/Fire      2%         3d4       100%        5
 Freezing Cloud           Conj/Ice/Air   2%         6-21      100%        5
 Irradiate                Conj/Alch      2%         3d12      100%        5
 Iskenderun's Battlesphe  Conj           4%         2d6       100%        5
 Lee's Rapid Deconstruct  Erth           2%         3d4*      100%        5
 Metabolic Englaciation   Hex/Ice        2%         N/A       100%        5
 Silence                  Hex/Air        2%         N/A       100%        5
 Summon Mana Viper        Hex/Summ       4%         N/A       100%        5
 Bombard                  Conj/Erth      2%         9d1       100%        6
 Conjure Ball Lightning   Conj/Air       2%         3x3d6     100%        6
 Death Channel            Necr           2%         N/A       100%        6
 Eringya's Noxious Bog    Alch           2%         4d6       100%        6
 Permafrost Eruption      Ice/Erth       2%         2x4d2     100%        6
 Plasma Beam              Fire/Air       2%         2x1d12    100%        6
 Sculpt Simulacrum        Ice/Alch       2%         N/A       100%        6
 Starburst                Conj/Fire      2%         6d3       100%        6
 Summon Cactus Giant      Summ           2%         N/A       100%        6
 Haunt                    Necr/Summ      2%         N/A       100%        7
 Magnavolt                Erth/Air       2%         3d9       100%        7
 Malign Gateway           Summ/Tloc      6%         N/A       100%        7
 Orb of Destruction       Conj           2%         9d5       100%        7
 Ozocubu's Refrigeration  Ice            2%         4d7       100%        7
 Rimeblight               Ice/Necr       2%         2d3       (prima100%   7
 Seismic Cannonade        Alch/Erth      2%         6d4       100%        7
 Spellforged Servitor     Conj/Summ      2%         N/A       100%        7
 Summon Hydra             Summ           2%         N/A       100%        7
 Discord                  Hex            2%         N/A       100%        8
 Disjunction              Tloc           10%        N/A       100%        8
 Fulsome Fusillade        Conj/Alch      2%         (3-5)d4   100%        8
 Ignition                 Fire           2%         3d3       100%        8
 Infestation              Necr           2%         N/A       100%        8
 Lehudib's Crystal Spear  Conj/Erth      2%         10d2      100%        8
 Maxwell's Capacitive Co  Air            2%         ∞         100%        8
 Summon Horrible Things   Summ           2%         N/A       100%        8
 Chain Lightning          Conj/Air       2%         3d2       100%        9
 Death's Door             Necr           2%         N/A       100%        9
 Fire Storm               Conj/Fire      2%         8d1       100%        9
 Polar Vortex             Ice            2%         N/A       100%        9
 Shatter                  Erth           2%         3d6*      100%        9


Dungeon Overview and Level Annotations

Branches:
Dungeon (15/15)            Temple (1/1) D:6            Lair (5/5) D:9
  Swamp (4/4) Lair:3       Spider (4/4) Lair:2        Slime (5/5) Lair:5
    Orc (2/2) D:11            Elf (3/3) Orc:2        Vaults (5/5) D:13
  Crypt (3/3) Vaults:2       Tomb (3/3) Crypt:3      Depths (4/4) D:15
   Hell (visited)             Dis (7/7) Hell            Geh (7/7) Hell
    Coc (7/7) Hell            Tar (7/7) Hell            Zot (5/5) Depths:4
 Bailey (visited)

Altars:
Ashenzari
Cheibriados
Dithmenos
Elyvilon
Fedhas
Gozag
Hepliaklqana
Kikubaaqudgha
Makhleb
Nemelex Xobeh
Okawaru
Qazlal
Ru
Sif Muna
Trog
Uskayaw
Vehumet
Wu Jian
Xom
Yredelemnul
Zin
The Shining One
Beogh
Jiyva

Shops:
D:6 (   D:8 *   D:11 *   Orc:2 *(*=   Elf:1 :=[*?   Elf:2 =::   Elf:3 (
Vaults:3 (   Vaults:5 :   Depths:3 (

Portals:
Hell: Depths:1 Depths:2 Depths:3 Depths:4
Abyss: Depths:3 Depths:4
Pandemonium: Orc:2 Depths:2
Ziggurat: Depths:4


Innate Abilities, Weirdness & Mutations

You are an undying horror.
Your melee and unarmed attacks drain, slow and weaken victims.
You are immune to unholy pain and torment.
You cannot drink.
You are immune to poison.
You are too large for most types of armour.
You have a pair of small horns on your head.
You have tough skin. (AC +1)
You gain doubled healing and magic from potions.
Whenever you drink a healing potion, you attack all around you.
You have large cloven feet.
You have a somewhat thin skeletal structure. (Dex +2, Stealth+)
You are clumsy. (Dex -2)
Your flesh is cold resistant. (rC+)
You are dopey. (Int -2)
You passively map the area around you.
Your natural rate of healing is unusually fast.
You are covered in fur. (AC +1)
Your muscles are strong. (Str +4, Int/Dex -1)
You have hidden genetic potential.
You occasionally lose the ability to read scrolls when taking damage.
Your health recovers twice as slowly from being drained.


Message History

No target in view!
An Executioner comes into view.
You can't go up here!
You see here an adder skeleton.
The Executioner gestures.
The Executioner seems to speed up.
You block the Executioner's attack. x4; The Executioner closely misses you. x2
The Executioner hits you but does no damage. x3
There is a stone staircase leading up here.
You closely miss the Executioner.
You kick the Executioner, but do no damage.
Your headbutt misses the Executioner. You block the Executioner's attack. x2
The Executioner misses you.
You pummel the Executioner like a punching bag!!!
The Executioner decays.
Your kick misses the Executioner.
The Executioner is severely wounded.
You block the Executioner's attack. x3
You barely miss the Executioner.
You kick the Executioner, but do no damage.
Your headbutt misses the Executioner.
The Executioner is severely wounded.
You block the Executioner's attack. x3
You hit the Executioner.
The Executioner decays.
Your kick misses the Executioner.
The Executioner is severely wounded.
You block the Executioner's attack. x3
You punch the Executioner!
The Executioner decays.
Your kick misses the Executioner.
The Executioner is almost dead.
You block the Executioner's attack. x3
You pummel the Executioner like a punching bag!!!
You kill the Executioner!
The Council accepts your kill.
No target in view!
You fly upwards.
There is a stone staircase leading down here.
You see here a rat skeleton.
There is an open door here.
There is a staircase leading out of the dungeon here.
You have escaped!

..........########....)...#
##......#.####...#........#
........#.#..#.#.##.......#
##'####.#.#.##.####.......#
........#.#........♣.♣....#
........#.#'##.....#.###'##
#.......#.#.......#♣.♣#♣..#
#.......#.#.##.#####......#######
#.........#..#.#z# ♣#♣#♣#...÷...>
..############...# ####.###. ..#
##### #...# #. ..# #.#####. ..#
##############.###... ..##
#..........##........ ...#
#.............##+##.. ..##
#...........÷.#...#.. ..#
#.............#.ß.#..


There were no monsters in sight!

Vanquished Creatures
  Cerebov (Pan)
  Antaeus (Coc:7)
  Asmodeus (Geh:7)
  Gloorx Vloq (Pan)
  Mnoleg (Pan)
  Ereshkigal (Tar:7)
  the Royal Jelly (Slime:5)
  the Serpent of Hell (Tar:7)
  Lom Lobon (Pan)
  7 dread liches
  4 ancient liches
  Dispater (Dis:7)
  6 orbs of fire
  7 pandemonium lords
  5 juggernauts
  Josephina (Zot:4)
  33 royal mummies
  26 shard shrikes
  3 Killer Klowns
  30 caustic shrikes
  2 curse toes
  Margery (Vaults:2)
  Geryon (Hell)
  Jory (Vaults:3)
  the Enchantress (Depths:2)
  6 golden dragons
  18 bone dragons
  20 profane servitors
  9 doom hounds
  20 Tzitzimimeh
  17 Brimstone Fiends
  27 iron giants
  2 spectral shard shrikes
  18 Ice Fiends
  4 electric golems
  Jorgrun (Spider:1)
  26 tainted leviathans
  23 tentacled monstrosities
  10 liches
  13 hellephants
  25 Hell Sentinels
  3 deep elf blademasters
  2 walking divine tomes (Depths:4)
  12 titans
  25 searing wretches
  25 Orb Guardians (Zot:5)
  2 deep elf master archers (Elf:3)
  12 sphinxes
  10 quicksilver dragons
  24 acid blobs
  3 thorn hunters (Swamp:4)
  13 storm dragons
  25 Executioners
  6 tentacled starspawn
  11 death cobs
  40 ancient champions
  Gastronok (D:10)
  14 shadow dragons
  5 fenstrider witches
  Agnes (Spider:1)
  Aizul (Vaults:1)
  10 tengu reavers
  9 demonspawn warmongers
  10 protean progenitors
  4 revenants
  Roxanne (Spider:1)
  A daeva (D:5)
  12 draconian monks
  13 fire giants
  11 rockslimes
  2 nagarajas (Pan)
  12 frost giants
  Donald (Spider:3)
  5 emperor scorpions
  10 quicksilver elementals
  18 vault wardens
  21 narguns
  8 draconian knights
  7 deep elf sorcerers
  11 azure jellies
  39 balrugs
  5 shard shrike simulacra
  A spectral juggernaut (Tar:3)
  10 iron dragons
  A spectral caustic shrike (Geh:2)
  A deep elf elementalist (Elf:3)
  18 ghost moths
  4 draconian scorchers
  7 draconian shifters
  8 spriggan defenders
  2 draconian stormcallers
  11 draconian annihilators
  8 demonspawn corrupters (Pan)
  4 angels
  4 orc warlords
  22 reapers
  5 curse skulls
  21 cacodemons
  21 ironbound preservers
  5 demonspawn blood saints (Pan)
  16 quicksilver oozes
  24 stone giants
  10 ghouls
  3 broodmothers
  26 very ugly things
  8 formless jellyfish
  2 juggernaut skeletons (Pan)
  6 green draconians
  3 caustic shrike skeletons (Pan)
  The ghost of seeu12 the Mimic, a journeyman OpSh of Gozag (Orc:1)
  9 ironbound thunderhulks
  6 bennus
  A spectral titan (Tar:6)
  7 deep elf demonologists
  4 vampire knights
  8 deep elf death magi
  32 elemental wellsprings
  26 war gargoyles
  An eleionoma (Swamp:3)
  20 dire elephants
  Nessos (D:14)
  32 putrid mouths
  4 demonspawn black suns (Pan)
  13 purple draconians
  15 black draconians
  7 bunyips
  6 lorocyprocas
  12 white draconians
  14 yellow draconians
  10 wendigos
  11 deep elf annihilators
  13 red draconians
  4 eidola
  8 spark wasps
  21 blizzard demons (Pan)
  26 mummy priests
  11 green deaths (Pan)
  A merfolk impaler (Depths:1)
  14 yaktaur captains
  24 iron golems
  2 spectral krakens (Tar:7)
  8 deep elf high priests
  2 spectral fenstrider witches
  Fannar (D:11)
  9 fire dragons
  3 crystal guardians
  2 spectral quicksilver dragons
  14 ettins
  5 entropy weavers
  A kraken zombie (Hell)
  16 jiangshi
  4 spectral spriggans
  8 rakshasas
  A fenstrider witch zombie (Crypt:1)
  A spriggan zombie (Tomb:3)
  3 peacekeepers
  2 demonspawn (Orc:2)
  13 great orbs of eyes
  16 hydras
  8 juggernaut simulacra
  10 jorogumos
  11 salamander tyrants
  33 vault guards
  3 catoblepae
  2 ghost crabs
  11 caustic shrike simulacra
  A spectral shadow dragon (Tar:1)
  4 hell beasts
  4 ironbound frosthearts
  7 spriggan air magi
  12 radroaches
  5 ogre magi
  10 ice dragons
  Erica (D:11)
  12 stokers
  10 alligators
  21 boulder beetles
  9 two-headed ogres
  36 dancing weapons
  11 centaur warriors
  A spriggan skeleton (Tomb:3)
  3 death knights
  3 death yaks (Lair:5)
  2 satyrs (Pan)
  5 deep troll earth magi
  A bennu skeleton (Crypt:2)
  69 death scarabs
  39 hell hogs
  A spectral dire elephant (Geh:2)
  18 thrashing horrors
  2 vampire magi (Crypt:2)
  7 deep troll shamans
  22 demonic crawlers
  A shock serpent (shapeshifter) (Vaults:5)
  9 orc high priests
  An occultist (Depths:2)
  11 tengu warriors
  8 spriggan berserkers
  8 crystal echidnas
  44 hell knights
  3 spectral emperor scorpions (Pan)
  A titan zombie (Abyss:3)
  11 spriggans
  Nergalle (D:11)
  49 sun demons
  A quicksilver ooze zombie (Crypt:1)
  8 hellephant skeletons (Pan)
  11 deep elf knights
  Amaemon (Lair:3)
  2 skysharks (shapeshifter)
  35 skeletal warriors
  26 soul eaters
  23 sixfirhies
  A skyshark (Lair:2)
  17 shadow wraiths
  18 iron trolls
  An anaconda zombie (Hell)
  14 wretched stars
  A spectral bunyip (Tar:2)
  2 spatial maelstroms (Abyss:3)
  2 spriggan druids (Swamp:2)
  9 deep elf archers
  A sea snake (shapeshifter) (Vaults:5)
  10 glowing orange brains
  9 pharaoh ants
  A spark wasp zombie (Crypt:2)
  4 goliath frogs
  20 bog bodies
  A spectral anaconda (Tar:4)
  6 arcanists
  An anaconda skeleton (Abyss:3)
  58 deep trolls
  5 sun moths
  2 orange crystal statues
  4 quicksilver dragon simulacra
  7 flayed ghosts
  2 deep trolls (shapeshifter)
  21 shadow demons
  3 mana vipers (Pan)
  3 spriggan simulacra
  A shadow dragon zombie (Tomb:2)
  12 ironbound convokers
  21 deep elf pyromancers
  12 orb spiders
  14 phantasmal warriors
  4 spectral wolf spiders (Spider:4)
  4 harpies (Vaults:3)
  6 swamp dragons (Swamp:4)
  Pikel (D:7)
  A spectral alligator (Tar:1)
  20 deep elf zephyrmancers
  An oklob plant (Lair:2)
  A sun moth (shapeshifter) (Vaults:5)
  12 lindwurms
  4 thermic dynamos (Elf:1)
  7 steelbarb worms
  19 necromancers
  4 wolf spider zombies (Spider:4)
  17 orc knights
  A fire giant zombie (Depths:1)
  31 wolf spiders
  2 worldbinders (Abyss:3)
  A frost giant zombie (Depths:1)
  A broodmother zombie (Spider:4)
  12 orc sorcerers
  A shining eye (shapeshifter) (Vaults:5)
  22 cyclopes
  A goliath frog skeleton (Crypt:2)
  5 shining eyes
  5 manticores
  48 ugly things
  16 elephants
  40 moths of wrath
  3 will-o-the-wisps (Swamp:3)
  8 meliai
  41 large abominations
  2 naga magi (Vaults:3)
  A black mamba (Lair:3)
  3 dire elephant zombies
  3 kobold blastminers
  18 vault sentinels
  A stone giant skeleton (Tomb:1)
  An ice statue (Coc:7)
  2 rust devils
  A naga zombie (Tomb:2)
  3 titan simulacra
  24 smoke demons
  8 torpor snails
  3 centaur zombies
  3 storm dragon simulacra
  A naga skeleton (Tomb:2)
  An apocalypse crab (Abyss:1)
  2 gargoyles (D:11)
  A centaur skeleton (Tomb:2)
  8 molten gargoyles (Geh:7)
  4 eyes of devastation
  Jeremiah (D:6)
  24 orange demons
  A sea snake zombie (Hell)
  2 unseen horrors (D:11)
  Joseph (Lair:1)
  3 spectral redbacks (Spider:4)
  A swamp worm zombie (Crypt:2)
  39 hellions
  5 rime drakes
  8 komodo dragons
  18 cane toads
  A redback zombie (Spider:4)
  10 spectral swamp worms (Tar:7)
  An iron troll zombie (Crypt:1)
  4 spectral nagas
  An alligator snapping turtle skeleton (Crypt:3)
  39 guardian mummies
  13 ancient zymes
  6 bunyip simulacra
  9 ice devils
  5 efreet (Pan)
  22 tormentors
  2 harpy zombies
  6 tengu conjurers
  7 freezing wraiths
  27 yaktaurs
  A hydra zombie (Hell)
  5 anaconda simulacra
  A white draconian skeleton (Crypt:1)
  3 iron giant simulacra
  A troll (shapeshifter) (D:12)
  2 sea snake skeletons (Hell)
  A merfolk (Bazaar)
  27 polar bears
  A queen bee (Abyss:3)
  9 hornets
  A shadow dragon simulacrum (Tomb:1)
  4 red devils
  10 spectral harpies
  A harpy skeleton (Tomb:1)
  An ettin zombie (Tomb:3)
  17 hellwings
  18 trolls
  4 wolf spider simulacra (Spider:4)
  4 glass eyes
  34 jumping spiders
  31 tarantellas
  8 tyrant leeches
  4 spectral jumping spiders (Spider:4)
  A death drake skeleton (Crypt:1)
  A spectral culicivora (Spider:4)
  36 raiju
  2 tarantella zombies (Spider:4)
  6 blink frogs
  2 dream sheep (Lair:5)
  2 iron dragon simulacra
  3 snapping turtles (Pan)
  3 stone giant simulacra
  3 centaur simulacra
  An ettin skeleton (Tomb:3)
  A draconian simulacrum (Zot:4)
  2 vampires
  6 wraiths
  11 water elementals
  35 culicivoras
  73 slime creatures
  20 ynoxinuls
  25 ushabtiu
  3 dire elephant simulacra
  A naga simulacrum (Coc:3)
  A wyvern (shapeshifter) (Abyss:1)
  45 yaks
  Grum (D:8)
  6 shadows
  6 basilisks
  14 golden eyes
  7 wyverns
  A fire elemental (Abyss:3)
  2 alligator snapping turtle simulacra
  18 neqoxecs
  8 vampire mosquitoes
  25 chaos spawn
  4 steam dragons
  66 redbacks
  15 wargs
  15 small abominations
  16 swamp worms
  2 spatial vortices (Abyss:3)
  Edmund (D:4)
  7 harpy simulacra
  A merfolk zombie (Crypt:1)
  An acid dragon (D:11)
  21 water moccasins
  3 hydra simulacra
  A human skeleton (Depths:1)
  16 hell hounds
  12 swamp drakes
  A moth of wrath simulacrum (Zot:4)
  22 black bears
  An ice dragon simulacrum (Coc:1)
  34 orc warriors
  2 black bears (shapeshifter)
  48 laughing skulls
  4 ettin simulacra
  29 wolves
  14 ogres
  10 boggarts
  A swamp dragon skeleton (Crypt:1)
  40 starcursed masses
  4 lemures (D:7)
  A tengu (shapeshifter) (D:14)
  8 centaurs
  3 weeping skulls
  7 brain worms
  3 kobold brigands
  3 scorpions
  A komodo dragon skeleton (Crypt:2)
  7 bullfrogs
  An earth elemental (Abyss:1)
  A gnoll sergeant (D:7)
  4 burial acolytes (Crypt:3)
  15 wights
  A water moccasin skeleton (Crypt:2)
  14 killer bees
  A swamp dragon simulacrum (Coc:1)
  A troll skeleton (Crypt:2)
  7 howler monkeys
  8 electric eels
  A vampire bat (D:4)
  6 hounds
  2 quasits
  8 jellies
  3 bombardier beetles
  19 orc priests
  A human zombie (Crypt:1)
  2 iron imps
  3 hell rats (D:9)
  3 sleepcaps (D:6)
  6 iguanas
  18 orc wizards
  A deep dwarf zombie (Crypt:2)
  30 mummies
  14 adders
  3 gnolls (D:7)
  A river rat (D:9)
  A swamp drake zombie (Crypt:2)
  A shadow imp (D:6)
  A swamp drake skeleton (Crypt:1)
  7 white imps
  2 ufetubi (D:5)
  A dart slug (D:3)
  A ribbon worm (D:4)
  84 orcs
  12 ball pythons
  5 bats
  3 bat skeletons (D:4)
  3 bat zombies (D:4)
  12 endoplasms
  4 giant cockroaches
  10 goblins
  5 hobgoblins
  7 jackals
  6 quokkas
  3 training dummies (D:6)
  A ball python zombie (Crypt:2)
  A frilled lizard (D:2)
  A gnoll skeleton (Crypt:2)
  16 kobolds
  5 rats
  3 aspiring fleshes
  A ball lightning (Pan)
  3 creeping infernos
  13 fire vortices
  2 lurking horrors (Abyss:6)
  5 starspawn tentacles
  3 tentacles (Tar:7)
4541 creatures vanquished.

Vanquished Creatures (collateral kills)
  An ironbound frostheart (Vaults:3)
  A deep troll (Vaults:3)
  A manticore (D:11)
  A yaktaur (Vaults:2)
  3 orc warriors (Orc:2)
  2 orc priests (Orc:2)
9 creatures vanquished.

Vanquished Creatures (others)
  A lich (Vaults:5)
  A fenstrider witch (Pan)
  A draconian knight (Zot:2)
  A draconian stormcaller (Zot:1)
  A shard shrike simulacrum (Coc:7)
  2 wendigos
  2 caustic shrike simulacra
  A hell knight (Depths:4)
  A deep elf knight (Vaults:5)
  A sixfirhy (Pan)
  A quicksilver dragon simulacrum (Coc:2)
  A wolf spider zombie (Spider:4)
  A spriggan simulacrum (Coc:1)
  An orc knight (D:11)
  A deep elf zephyrmancer (Elf:1)
  A cyclops (Depths:1)
  A smoke demon (Pan)
  A titan simulacrum (Coc:3)
  2 hellions
  An iron giant simulacrum (Coc:3)
  An anaconda simulacrum (Coc:7)
  A polar bear (Elf:3)
  A bloated husk (Swamp:1)
  An iron dragon simulacrum (Coc:2)
  A ynoxinul (Pan)
  A neqoxec (Pan)
  2 redbacks
  3 harpy simulacra
  A swamp drake (Swamp:4)
  A black mamba simulacrum (Coc:2)
  An ettin simulacrum (Coc:7)
  2 naga simulacra (Coc:7)
  2 ball lightnings (Pan)
  3 creeping infernos
  6 foxfires (Swamp:3)
  2 lurking horrors
  6 starspawn tentacles
  3 tentacles (Tar:7)
61 creatures vanquished.

Grand Total: 4611 creatures vanquished

Notes
Turn   | Place    | Note
-------+----------+-------------------------------------------
     0 | D:1      | Lovepenguin the Oni Berserker began the quest for the Orb.
     0 | D:1      | Reached XP level 1. HP: 24/24 MP: 1/1
   144 | D:1      | Reached XP level 2. HP: 29/32 MP: 2/2
   479 | D:1      | Reached skill level 1 in Shapeshifting
  1076 | D:2      | Reached XP level 3. HP: 37/40 MP: 3/3
  1309 | D:2      | Identified the +1 pair of gloves "Nopt" {rElec Str+3}
  1577 | D:2      | Reached XP level 4. HP: 49/49 MP: 4/4
  1925 | D:2      | Reached ** piety under Trog
  2221 | D:3      | Reached XP level 5. HP: 25/55 MP: 5/5
  2232 | D:3      | Reached skill level 5 in Fighting
  2888 | D:3      | Found Hirege Xiloo's Distillery.
  2898 | D:3      | Bought a potion of berserk rage for 70 gold pieces
  2898 | D:3      | Bought a potion of attraction for 42 gold pieces
  2898 | D:3      | Bought a potion of heal wounds for 70 gold pieces
  3138 | D:4      | Reached XP level 6. HP: 35/66 MP: 6/6
  3661 | D:4      | Reached *** piety under Trog
  3694 | D:4      | Found an ancient bone altar of Kikubaaqudgha.
  3825 | D:4      | Noticed Edmund
  3834 | D:4      | Reached XP level 7. HP: 74/74 MP: 7/7
  3836 | D:4      | Killed Edmund
  3837 | D:4      | Reached skill level 5 in Unarmed Combat
  4106 | D:5      | Entered Level 5 of the Dungeon
  4365 | D:5      | Found a hide-covered altar of Uskayaw.
  4368 | D:5      | Found a stormy altar of Qazlal.
  4398 | D:5      | Found a blossoming altar of Fedhas.
  4453 | D:5      | HP: 2/76 [ufetubus (4)]
  4757 | D:5      | Reached XP level 8. HP: 76/84 MP: 8/8
  4984 | D:5      | Reached skill level 5 in Shapeshifting
  5533 | D:6      | Noticed Jeremiah
  5948 | D:6      | HP: 3/87 [poisoned by a water moccasin]
  6184 | D:6      | Killed Jeremiah
  6185 | D:6      | Reached XP level 9. HP: 94/94 MP: 9/9
  6251 | D:6      | Found Girpho Huesch's Firing Range.
  6268 | D:6      | Found a staircase to the Ecumenical Temple.
  6923 | Temple   | Entered the Ecumenical Temple
  7399 | D:7      | Found a hazy altar of Hepliaklqana.
  7405 | D:7      | Reached **** piety under Trog
  7773 | D:7      | Noticed a troll
  7778 | D:7      | Killed a troll
  7839 | D:7      | Noticed Pikel
  7884 | D:7      | Killed Pikel
  7885 | D:7      | Reached XP level 10. HP: 18/107 MP: 10/10
  8687 | D:8      | Found Poogulimeufa's General Store.
  8693 | D:8      | Noticed Grum
  8694 | D:8      | Bought a potion of attraction for 45 gold pieces
  8694 | D:8      | Bought a potion of enlightenment for 75 gold pieces
  8694 | D:8      | Bought a scroll of identify for 30 gold pieces
  8806 | D:8      | Killed Grum
  9023 | D:8      | Noticed a two-headed ogre
  9028 | D:8      | Killed a two-headed ogre
  9092 | D:8      | Found a shimmering blue altar of Sif Muna.
  9144 | D:8      | Got Sif Muna's Parchment of Geology
  9220 | D:8      | Reached skill level 10 in Fighting
  9621 | D:8      | Noticed a boulder beetle
  9648 | D:8      | Killed a boulder beetle
  9663 | D:8      | Reached XP level 11. HP: 119/119 MP: 11/11
  9666 | D:8      | Reached skill level 10 in Unarmed Combat
 10033 | D:8      | Noticed an orange crystal statue
 10049 | D:8      | Killed an orange crystal statue
 10258 | D:9      | Found a snail-covered altar of Cheibriados.
 10293 | D:9      | Found a glowing silver altar of Zin.
 10444 | D:9      | Found a staircase to the Lair.
 10484 | D:9      | Found a flagged portal.
 10505 | Bailey   | Entered a bailey
 10728 | Bailey   | Reached skill level 10 in Shapeshifting
 10796 | Bailey   | Reached ***** piety under Trog
 11028 | D:9      | Found a sparkling altar of Nemelex Xobeh.
 11436 | D:10     | Entered Level 10 of the Dungeon
 11504 | D:10     | Noticed a two-headed ogre
 11507 | D:10     | Killed a two-headed ogre
 11582 | D:10     | Found a shadowy altar of Dithmenos.
 12089 | D:10     | Noticed Gastronok
 12100 | D:10     | Killed Gastronok
 12350 | D:10     | Found a basalt altar of Yredelemnul.
 12628 | D:10     | Reached XP level 12. HP: 131/131 MP: 12/12
 12901 | D:11     | Found Ygell's General Store.
 12910 | D:11     | Bought a scroll of butterflies for 48 gold pieces
 12910 | D:11     | Bought a scroll of butterflies for 48 gold pieces
 12910 | D:11     | Bought a potion of berserk rage for 60 gold pieces
 12917 | D:11     | Noticed a two-headed ogre
 12923 | D:11     | Killed a two-headed ogre
 13066 | D:11     | Noticed Erica
 13073 | D:11     | Killed Erica
 13178 | D:11     | Found a blossoming altar of Fedhas.
 13205 | D:11     | Noticed Nergalle
 13214 | D:11     | Killed Nergalle
 13310 | D:11     | Found a staircase to the Orcish Mines.
 13460 | D:11     | Noticed Fannar
 13507 | D:11     | Killed Fannar
 13958 | D:11     | a shapeshifter changed into an entropy weaver
 13958 | D:11     | Noticed an entropy weaver (shapeshifter)
 14762 | D:11     | Noticed a six-headed hydra
 14845 | D:11     | Killed a six-headed hydra
 14985 | D:11     | Identified the amulet "Coejin" {Acrobat rElec rPois rC-
                  | Int+3}
 14986 | D:11     | Got the Grimoire of Hypothermia and Gusts
 15174 | Orc:1    | Entered Level 1 of the Orcish Mines
 15177 | Orc:1    | Found Raeron's Magic Scroll Emporium.
 15217 | Orc:1    | Bought a scroll of revelation for 97 gold pieces
 15217 | Orc:1    | Bought a scroll of immolation for 52 gold pieces
 15217 | Orc:1    | Bought a scroll of identify for 26 gold pieces
 15217 | Orc:1    | Bought a scroll of identify for 26 gold pieces
 15217 | Orc:1    | Bought a scroll of identify for 26 gold pieces
 15220 | Orc:1    | Bought a scroll of enchant armour for 97 gold pieces
 15220 | Orc:1    | Bought a scroll of immolation for 52 gold pieces
 15220 | Orc:1    | Bought a scroll of teleportation for 39 gold pieces
 15222 | Orc:1    | Found a roughly hewn altar of Beogh.
 15248 | Orc:1    | Found a runed translucent door.
 15249 | Orc:1    | Noticed seeu12's ghost (journeyman OpSh)
 15268 | Orc:1    | Noticed an orc high priest
 15282 | Orc:1    | Reached XP level 13. HP: 144/144 MP: 13/13
 15349 | Orc:1    | Received a gift from Trog
 15647 | Orc:1    | Killed seeu12's ghost
 15707 | Orc:2    | Entered Level 2 of the Orcish Mines
 15804 | Orc:2    | Noticed an orc warlord
 15822 | Orc:2    | Killed an orc warlord
 16087 | Orc:2    | Found Hagen's General Store.
 16206 | Orc:2    | Found Gaovvos's General Store.
 16246 | Orc:2    | Bought a potion of berserk rage for 70 gold pieces
 16246 | Orc:2    | Bought a scroll of blinking for 105 gold pieces
 16246 | Orc:2    | Bought a scroll of vulnerability for 56 gold pieces
 16394 | Orc:2    | Found a staircase to the Elven Halls.
 16740 | Orc:2    | Received a gift from Trog
 16760 | Orc:2    | Paralysed by an orc sorcerer for 3 turns
 17210 | Orc:2    | Paralysed by an orc sorcerer for 5 turns
 17446 | Orc:2    | Found Ceokleeq's Antique Weapon Emporium.
 17446 | Orc:2    | Found Loefenk's Jewellery Shoppe.
 17447 | Orc:2    | Found a one-way gate leading to the halls of Pandemonium.
 17940 | Lair:1   | Entered Level 1 of the Lair of Beasts
 17947 | Lair:1   | Reached XP level 14. HP: 157/157 MP: 14/14
 18320 | Lair:1   | Noticed Joseph
 18333 | Lair:1   | Killed Joseph
 18443 | Lair:1   | Received a gift from Trog
 18517 | Lair:1   | Reached skill level 15 in Fighting
 19606 | Lair:2   | Found a hole to the Spider Nest.
 20402 | Lair:3   | Noticed Amaemon
 20415 | Lair:3   | Killed Amaemon
 20416 | Lair:3   | Reached skill level 15 in Shapeshifting
 20534 | Lair:3   | Found a staircase to the Swamp.
 20740 | Lair:3   | Received a gift from Trog
 21838 | Lair:4   | Found the +8 whip "Snakebite" {venom, curare, rPois}
 22609 | Lair:5   | Entered Level 5 of the Lair of Beasts
 22655 | Lair:5   | Reached XP level 15. HP: 170/170 MP: 15/15
 22861 | Lair:5   | Received a gift from Trog
 22930 | Lair:5   | Found a staircase to the Slime Pits.
 22930 | Lair:5   | Found a viscous altar of Jiyva.
 22963 | Lair:5   | Identified the +1 robe of Awe {rC+ rN+}
 23501 | Lair:5   | Identified the +2 ring mail of Cinnucw {Slay+4}
 23737 | Lair:5   | Identified the +1 robe "Polo" {Dex+4}
 23951 | Lair:5   | Identified the +8 giant club of the Elven Halls {flame,
                  | rPois rF+ rN+ Int-5} (Trog gifted it to you on level 5 of
                  | the Lair of Beasts)
 23951 | Lair:5   | Received a gift from Trog
 25044 | D:3      | Bought a potion of mutation for 112 gold pieces
 25044 | D:3      | Bought a potion of heal wounds for 70 gold pieces
 25044 | D:3      | Bought a potion of brilliance for 56 gold pieces
 25044 | D:3      | Bought a potion of resistance for 140 gold pieces
 25044 | D:3      | Bought a potion of curing for 42 gold pieces
 25044 | D:3      | Bought a potion of heal wounds for 70 gold pieces
 25153 | D:8      | Bought a scroll of enchant armour for 112 gold pieces
 25153 | D:8      | Bought 3 scrolls of immolation for 180 gold pieces
 25257 | D:12     | Reached skill level 15 in Unarmed Combat
 26501 | D:13     | Reached XP level 16. HP: 178/178 MP: 16/16
 26677 | D:13     | Found a gate to the Vaults.
 26839 | D:14     | Noticed Nessos
 26868 | D:14     | Killed Nessos
 27965 | D:15     | Entered Level 15 of the Dungeon
 28346 | D:15     | Found a staircase to the Depths.
 28415 | D:15     | Reached skill level 5 in Dodging
 29135 | Spider:1 | Entered Level 1 of the Spider Nest
 29266 | Spider:1 | Noticed Jorgrun
 29277 | Spider:1 | Noticed Agnes
 29294 | Spider:1 | Killed Agnes
 29306 | Spider:1 | Killed Jorgrun
 29306 | Spider:1 | Received a gift from Trog
 30044 | Spider:1 | Noticed Roxanne
 30064 | Spider:1 | Killed Roxanne
 30065 | Spider:1 | Reached XP level 17. HP: 196/196 MP: 17/17
 33113 | Spider:3 | Noticed Donald
 33123 | Spider:3 | Killed Donald
 33384 | Spider:3 | Reached skill level 1 in Shields
 33765 | Spider:3 | Reached ****** piety under Trog
 34160 | Spider:3 | Identified the +6 trident "Zowanoc" {heavy, ^Fragile rN++
                  | Will+ SInv}
 34307 | Spider:4 | Entered Level 4 of the Spider Nest
 34503 | Spider:4 | Reached XP level 18. HP: 209/209 MP: 18/18
 34628 | Spider:4 | Received a gift from Trog
 35998 | Spider:4 | Received a gift from Trog
 36450 | Spider:4 | Got a gossamer rune of Zot
 36980 | Swamp:1  | Entered Level 1 of the Swamp
 37313 | Swamp:1  | Reached skill level 5 in Shields
 37416 | Swamp:1  | Identified the +6 battleaxe of Felatsotz {freeze, ^Fragile
                  | rElec Dex+4}
 37827 | Swamp:2  | Reached XP level 19. HP: 221/221 MP: 19/19
 38384 | Swamp:3  | Received a gift from Trog
 39002 | Swamp:4  | Entered Level 4 of the Swamp
 39020 | Swamp:4  | Identified the +1 short sword "Wayhecol" {heavy, rN+ Str+5
                  | Int+3}
 39485 | Swamp:4  | Received a gift from Trog
 39550 | Swamp:4  | Got a decaying rune of Zot
 40403 | Vaults:1 | Entered Level 1 of the Vaults
 41023 | Vaults:1 | Reached XP level 20. HP: 234/234 MP: 20/20
 41033 | Vaults:1 | Identified the serpent talisman of Gallantry {Slay+3}
 41033 | Vaults:1 | Noticed Aizul
 41037 | Vaults:1 | Received a gift from Trog
 41043 | Vaults:1 | Killed Aizul
 42525 | Vaults:2 | Identified the +5 flail of the Bear {flame, rPois} (Trog
                  | gifted it to you on level 2 of the Vaults)
 42525 | Vaults:2 | Received a gift from Trog
 43039 | Vaults:2 | Noticed Margery
 43040 | Vaults:2 | Noticed a hellephant
 43053 | Vaults:2 | Killed a hellephant
 43304 | Vaults:2 | Found a staircase to the Crypt.
 43474 | Vaults:2 | Killed Margery
 44214 | Vaults:3 | Received a gift from Trog
 44224 | Vaults:3 | Reached XP level 21. HP: 247/247 MP: 21/21
 44272 | Vaults:3 | Noticed Jory
 44398 | Vaults:3 | Found the +8 lance "Wyrmbane" {slay drac, rPois rF+ rC+
                  | AC+3}
 44517 | Vaults:3 | Identified the -2 hat of Instinct {rPois Will+ Str-2 SInv}
 44530 | Vaults:3 | Found a radiant altar of Vehumet.
 44531 | Vaults:3 | Found the +1 robe of Vines {NoPotionHeal Regen++++}
 44537 | Vaults:3 | Identified the +2 hat of Springtime {Harm rN+ rCorr Str+3}
 44684 | Vaults:3 | Killed Jory
 44774 | Vaults:3 | Identified the +5 halberd of Integrity {drain, Will+}
 44901 | Vaults:3 | Received a gift from Trog
 45102 | Vaults:3 | You fall into a shaft and drop 1 floor!
 45667 | Vaults:3 | Found Tacvipt's Antique Weapon Shoppe.
 45899 | Vaults:4 | Received a gift from Trog
 45916 | Vaults:4 | Reached skill level 10 in Shields
 47157 | Temple   | Fell from the grace of Trog
 47157 | Temple   | Became a worshipper of the Wu Jian Council
 47345 | Crypt:1  | Entered Level 1 of the Crypt
 47386 | Crypt:1  | Reached XP level 22. HP: 206/260 MP: 22/22
 47670 | Crypt:1  | Reached * piety under Wu Jian
 48141 | Crypt:2  | Reached ** piety under Wu Jian
 48344 | Crypt:2  | Found an ancient bone altar of Kikubaaqudgha.
 48991 | Crypt:2  | Paralysed by Trog for 7 turns
 49018 | Crypt:3  | Entered Level 3 of the Crypt
 49102 | Crypt:3  | Found a basalt altar of Yredelemnul.
 49130 | Crypt:3  | Reached *** piety under Wu Jian
 49374 | Crypt:3  | Found a staircase to the Tomb.
 49375 | Crypt:3  | Noticed an ancient lich
 49379 | Crypt:3  | Killed an ancient lich
 49431 | Crypt:3  | Identified the +1 orcbow of Xiatzihe {freeze, rF+ rC+ Str+5
                  | Dex-3}
 49501 | Crypt:3  | Got the Writings on Abominable Liturgies
 49619 | Crypt:3  | Reached **** piety under Wu Jian
 49620 | Crypt:3  | Noticed a profane servitor
 49636 | Crypt:3  | Killed a profane servitor
 49700 | Crypt:3  | Identified the ring "Ishi" {rPois rN++ rCorr Int+3 Dex-5}
 49700 | Crypt:3  | Identified the ring of Lutoirr {Fly rF+ rN++ Will+}
 49777 | Crypt:3  | Identified the +11 chain mail of the Beginning {Rampage
                  | Will++}
 50489 | Elf:1    | Entered Level 1 of the Elven Halls
 50528 | Elf:1    | Found Vanimoex's Jewellery Emporium.
 50596 | Elf:1    | Found Akelekh's Antique Armour Shop.
 50643 | Elf:1    | Found Numm's Magic Scroll Boutique.
 50650 | Elf:1    | Found Ynkoazux's General Store.
 50651 | Elf:1    | Bought a scroll of amnesia for 64 gold pieces
 50651 | Elf:1    | Bought a scroll of acquirement for 832 gold pieces
 50651 | Elf:1    | Bought a scroll of blinking for 120 gold pieces
 50651 | Elf:1    | Acquired a manual of Shields
 50660 | Elf:1    | Bought a potion of mutation for 136 gold pieces
 50660 | Elf:1    | Bought a scroll of teleportation for 51 gold pieces
 50711 | Elf:1    | Reached XP level 23. HP: 271/271 MP: 23/23
 50809 | Elf:1    | Found Effutesa's Book Shoppe.
 51428 | Elf:2    | Found Soakuturoe's Book Shoppe.
 51430 | Elf:2    | Found Sasydop's Jewellery Boutique.
 51432 | Elf:2    | Found Opnok's Book Shoppe.
 51442 | Elf:2    | Bought a manual of Fighting for 1440 gold pieces
 51505 | Elf:2    | Found a huge runed translucent gate.
 51505 | Elf:2    | Found a huge runed translucent gate.
 51505 | Elf:2    | Found a huge runed translucent gate.
 51505 | Elf:2    | Found a huge runed translucent gate.
 51508 | Elf:2    | Found a huge runed translucent gate.
 52046 | Elf:2    | Reached ***** piety under Wu Jian
 52192 | Elf:3    | Entered Level 3 of the Elven Halls
 52297 | Elf:3    | Found Xihud's Weapon Emporium.
 52412 | Elf:3    | Identified the ring "Voiggal" {rPois rCorr Slay+5}
 52420 | Elf:3    | Identified the amulet "Ysefyuq" {Spirit Int+6 Dex+3}
 52457 | Elf:3    | Identified the +1 mace "Xuros" {speed, rF+ SInv}
 52571 | Elf:3    | Identified the +1 short sword of Extinguishment {holy,
                  | *Slow rF+ Int+4}
 52574 | Elf:3    | Identified the granite talisman of the Onion {rN+ Str-4
                  | Dex+8}
 52583 | Elf:3    | Identified the +1 demon blade of Qurulor {elec, ^Fragile
                  | Fly rCorr Dex+3}
 52594 | Elf:3    | Identified the +9 ice dragon scales "Paics" {rPois rF- rC++
                  | Will+}
 52608 | Elf:3    | Identified the +0 falchion "Culeteiqi" {freeze, rPois rN+
                  | Str+3 Dex+2}
 52777 | Elf:3    | Got the Secrets of Earth
 52826 | Elf:3    | Got Mythraar's Notes on the Great Work
 52928 | Elf:3    | Paralysed by Trog for 4 turns
 53538 | Depths:1 | Entered Level 1 of the Depths
 53975 | Vaults:5 | Entered Level 5 of the Vaults
 53986 | Vaults:5 | Reached XP level 24. HP: 289/289 MP: 23/23
 54039 | Vaults:5 | Identified the ring "Puenk" {rElec rF- rCorr Int-5 Dex+6}
 54277 | Vaults:5 | Identified the +9 spear of Caxkoe {antimagic, rF+ rN+ Str+2
                  | Dex+3}
 54322 | Vaults:5 | Reached skill level 15 in Shields
 54393 | Vaults:5 | Identified the +5 flail "Giantbane" {vamp, rCorr}
 54399 | Vaults:5 | Identified the amulet of the Death Scarab {Acrobat rPois
                  | rN+}
 54564 | Vaults:5 | Found Qoenk's Book Boutique.
 54836 | Vaults:5 | Identified the staff of Atesaseb {^Fragile rElec rN+ Stlth+
                  | Necro Ice}
 54904 | Vaults:5 | Got a silver rune of Zot
 55110 | Vaults:5 | Identified the +10 short sword of the Sneaky Mouths {vamp,
                  | *Slow rCorr Str+5 Stlth+}
 55490 | Vaults:5 | Was forgiven by Trog
 56360 | Depths:1 | Found an iron altar of Okawaru.
 56466 | Depths:1 | Found a gateway to Hell.
 56558 | Depths:2 | Noticed the Enchantress
 56567 | Depths:2 | Reached XP level 25. HP: 268/301 MP: 23/23
 56575 | Depths:2 | Killed the Enchantress
 56744 | Depths:2 | Noticed a juggernaut
 56758 | Depths:2 | Killed a juggernaut
 57414 | Depths:2 | Identified the +6 trident of Turuilun {venom, rCorr MP-9
                  | Int+6 SInv}
 58026 | Depths:3 | Reached ****** piety under Wu Jian
 58307 | Depths:3 | Found Vuimoin's Antique Weapon Emporium.
 58401 | Depths:3 | Found a one-way gate to the infinite horrors of the Abyss.
 58484 | Depths:3 | Noticed a juggernaut
 58489 | Depths:3 | Killed a juggernaut
 59164 | Depths:4 | Entered Level 4 of the Depths
 59165 | Depths:4 | Found a one-way gateway to a ziggurat.
 59244 | Depths:4 | Reached XP level 26. HP: 205/312 MP: 23/23
 59260 | Depths:4 | Reached skill level 10 in Dodging
 59279 | Depths:4 | Found a flickering gateway to a bazaar.
 59289 | Bazaar   | Entered a bazaar
 59305 | Bazaar   | Found Enatui Ehigh's General Store.
 59407 | Bazaar   | Bought a scroll of blinking for 127 gold pieces
 59407 | Bazaar   | Bought a potion of lignification for 51 gold pieces
 59407 | Bazaar   | Bought a potion of enlightenment for 85 gold pieces
 59418 | Bazaar   | Found Zofeuqoz's Antique Armour Emporium.
 59418 | Bazaar   | Found Dyamen's Distillery.
 59429 | Bazaar   | Bought a potion of cancellation for 80 gold pieces
 59429 | Bazaar   | Bought 2 potions of curing for 60 gold pieces
 59429 | Bazaar   | Bought a potion of curing for 30 gold pieces
 59429 | Bazaar   | Bought a potion of curing for 30 gold pieces
 59429 | Bazaar   | Bought a potion of curing for 30 gold pieces
 59429 | Bazaar   | Bought a potion of brilliance for 40 gold pieces
 59429 | Bazaar   | Bought a potion of curing for 30 gold pieces
 59429 | Bazaar   | Bought a potion of mutation for 80 gold pieces
 59429 | Bazaar   | Bought a potion of mutation for 80 gold pieces
 59429 | Bazaar   | Bought a potion of might for 40 gold pieces
 59440 | Bazaar   | Found Guynepam's Weapon Emporium.
 59440 | Bazaar   | Found Kiefiat's Antique Armour Shoppe.
 59462 | Bazaar   | Found Gacour's Book Emporium.
 59467 | Bazaar   | Bought the Guidebook on Graupel for 690 gold pieces
 59467 | Bazaar   | Bought a book of the Moon for 600 gold pieces
 59694 | Depths:4 | Reached skill level 27 in Shapeshifting
 59982 | Depths:4 | Found a gate to the Realm of Zot.
 60049 | Depths:4 | Found a stormy altar of Qazlal.
 60093 | Depths:4 | Acquired a dragon-blood talisman
 60098 | Depths:4 | Learned a level 2 spell: Blink
 60101 | Depths:4 | Learned a level 2 spell: Lesser Beckoning
 60105 | Depths:4 | Learned a level 3 spell: Maxwell's Portable Piledriver
 60113 | Depths:4 | Learned a level 7 spell: Manifold Assault
 60114 | Zot:1    | Entered Level 1 of the Realm of Zot
 60116 | Zot:1    | Identified the ring of the Burgomaster {Wiz Str-5 Dex+4}
 60140 | Zot:1    | Reached skill level 27 in Fighting
 60142 | Zot:1    | Noticed an orb of fire
 60145 | Zot:1    | Reached skill level 1 in Spellcasting
 60148 | Zot:1    | Killed an orb of fire
 60149 | Zot:1    | Reached skill level 1 in Translocations
 60362 | Zot:1    | Identified the death talisman of Daisies {Fly Dex+2}
 60909 | Zot:2    | You are sucked into a shaft and drop 2 floors!
 61235 | Zot:4    | Reached skill level 5 in Spellcasting
 61247 | Zot:4    | Reached XP level 27. HP: 234/323 MP: 30/30
 61446 | Zot:4    | Noticed an orb of fire
 61449 | Zot:4    | Gained mutation: You are vulnerable to cold. (rC-) [an orb
                  | of fire]
 61453 | Zot:4    | Gained mutation: Your magical capacity is low. (-10% MP)
                  | [an orb of fire]
 61454 | Zot:4    | Gained mutation: You are clumsy. (Dex -2) [an orb of fire]
 61459 | Zot:4    | Killed an orb of fire
 61593 | Zot:4    | Identified the ring of Xijedd {Ice ^Contam rElec Int+3}
 61593 | Zot:4    | Noticed Josephina
 61599 | Zot:4    | Killed Josephina
 62170 | Zot:3    | Reached skill level 5 in Translocations
 63032 | Zot:3    | Got the Anthology of the Mob
 63865 | Zot:5    | Entered Level 5 of the Realm of Zot
 64342 | Zot:5    | Noticed a dread lich
 64344 | Zot:5    | Noticed a dread lich
 64348 | Zot:5    | Killed a dread lich
 64350 | Zot:5    | Killed a dread lich
 64356 | Zot:5    | Noticed an orb of fire
 64359 | Zot:5    | Noticed a dread lich
 64362 | Zot:5    | Killed a dread lich
 64362 | Zot:5    | Killed an orb of fire
 64399 | Zot:5    | Noticed an orb of fire
 64400 | Zot:5    | Noticed an orb of fire
 64401 | Zot:5    | Noticed an orb of fire
 64401 | Zot:5    | Noticed a dread lich
 64403 | Zot:5    | Killed an orb of fire
 64403 | Zot:5    | Killed an orb of fire
 64404 | Zot:5    | Reached skill level 15 in Dodging
 64404 | Zot:5    | Lost mutation: You are clumsy. (Dex -2) [an orb of fire]
 64405 | Zot:5    | Killed an orb of fire
 64410 | Zot:5    | Killed a dread lich
 64413 | Zot:5    | Noticed a dread lich
 64420 | Zot:5    | Killed a dread lich
 65215 | Slime:1  | Entered Level 1 of the Pits of Slime
 65243 | Slime:1  | Gained mutation: Your magical capacity is very low. (-20%
                  | MP) [a shining eye]
 65245 | Slime:1  | Gained mutation: You are dopey. (Int -2) [a shining eye]
 66393 | Slime:3  | Reached skill level 10 in Spellcasting
 67378 | Slime:5  | Entered Level 5 of the Pits of Slime
 67385 | Slime:5  | Gained mutation: Armour fits poorly on your strangely
                  | shaped body. [a shining eye]
 67388 | Slime:5  | Gained mutation: You passively map a small area around you.
                  | [a shining eye]
 67389 | Slime:5  | Gained mutation: You are frail. (-10% HP) [a shining eye]
 67411 | Slime:5  | Noticed the Royal Jelly
 67415 | Slime:5  | Killed the Royal Jelly
 67427 | Slime:5  | Gained mutation: You are clumsy. (Dex -2) [a shining eye]
 67428 | Slime:5  | Gained mutation: You are very clumsy. (Dex -4) [a shining
                  | eye]
 67654 | Slime:5  | Gained mutation: You sometimes lose your temper in combat.
                  | [a shining eye]
 67895 | Slime:5  | Found the +8 trishula "Condemnation" {holy, anguish, *Noise
                  | Fly rN+}
 67937 | Slime:5  | Identified the amulet "Xasah" {rElec Regen+ Int+3}
 67954 | Slime:5  | Identified the +8 rapier "Hybupn" {flame, rF++ rCorr}
 67966 | Slime:5  | Got the Quarto of Translocated Terrain
 67976 | Slime:5  | Identified the +0 orcbow of the Beast {heavy, ^Fragile
                  | Will++ Str+3}
 67984 | Slime:5  | Identified the ring "Afru" {*Slow rPois Int+4}
 67992 | Slime:5  | Got a slimy rune of Zot
 68358 | Slime:5  | Identified the +8 crystal plate armour "Wootuc" {rC+ SInv}
 68839 | Depths:3 | Voluntarily entered the Abyss.
 69006 | Abyss:1  | Found a corrupted altar of Lugonu.
 69028 | Abyss:1  | Found a corrupted altar of Lugonu.
 69095 | Abyss:1  | Found a corrupted altar of Lugonu.
 69307 | Abyss:1  | Found an opulent altar of Gozag.
 69311 | Abyss:1  | Found a corrupted altar of Lugonu.
 69368 | Abyss:1  | Found a corrupted altar of Lugonu.
 69466 | Abyss:3  | Found a corrupted altar of Lugonu.
 69506 | Abyss:3  | Found a corrupted altar of Lugonu.
 69638 | Abyss:3  | Found a snail-covered altar of Cheibriados.
 69646 | Abyss:3  | Got an abyssal rune of Zot
 69741 | Abyss:3  | Found a snail-covered altar of Cheibriados.
 69848 | Depths:3 | Escaped the Abyss
 69849 | Depths:3 | Lost mutation: Armour fits poorly on your strangely shaped
                  | body. [potion of mutation]
 69849 | Depths:3 | Lost mutation: You are very clumsy. (Dex -4) [potion of
                  | mutation]
 69849 | Depths:3 | Lost mutation: You are frail. (-10% HP) [potion of
                  | mutation]
 69849 | Depths:3 | Gained mutation: Your flesh is heat resistant. (rF+)
                  | [potion of mutation]
 69850 | Depths:3 | Lost mutation: You sometimes lose your temper in combat.
                  | [potion of mutation]
 69850 | Depths:3 | Lost mutation: You passively map a small area around you.
                  | [potion of mutation]
 69850 | Depths:3 | Lost mutation: You are vulnerable to cold. (rC-) [potion of
                  | mutation]
 69850 | Depths:3 | Gained mutation: Armour fits poorly on your strangely
                  | shaped body. [potion of mutation]
 69850 | Depths:3 | Lost mutation: You are dopey. (Int -2) [potion of mutation]
 69851 | Depths:3 | Lost mutation: Your flesh is heat resistant. (rF+) [potion
                  | of mutation]
 69851 | Depths:3 | Lost mutation: Your magical capacity is very low. (-20% MP)
                  | [potion of mutation]
 69851 | Depths:3 | Gained mutation: Your flesh is heat resistant. (rF+)
                  | [potion of mutation]
 69851 | Depths:3 | Gained mutation: You are resistant to electric shocks.
                  | (rElec) [potion of mutation]
 69851 | Depths:3 | Gained mutation: You have a pair of horns on your head.
                  | [potion of mutation]
 70042 | D:15     | Lost mutation: Armour fits poorly on your strangely shaped
                  | body. [potion of mutation]
 70042 | D:15     | Lost mutation: Your magical capacity is low. (-10% MP)
                  | [potion of mutation]
 70042 | D:15     | Lost mutation: You are resistant to electric shocks.
                  | (rElec) [potion of mutation]
 70042 | D:15     | Gained mutation: You occasionally lose the ability to drink
                  | potions when taking damage. [potion of mutation]
 70042 | D:15     | Lost mutation: You are clumsy. (Dex -2) [potion of
                  | mutation]
 70042 | D:15     | Gained mutation: Your muscles are strong. (Str +4, Int/Dex
                  | -1) [potion of mutation]
 70043 | D:15     | Lost mutation: You have a pair of horns on your head.
                  | [potion of mutation]
 70043 | D:15     | Lost mutation: Your flesh is heat resistant. (rF+) [potion
                  | of mutation]
 70043 | D:15     | Gained mutation: You are robust. (+10% HP) [potion of
                  | mutation]
 70043 | D:15     | Gained mutation: Armour fits poorly on your strangely
                  | shaped body. [potion of mutation]
 70043 | D:15     | Gained mutation: You are vulnerable to heat. (rF-) [potion
                  | of mutation]
 70043 | D:15     | Gained mutation: You are strong-willed. (Will+) [potion of
                  | mutation]
 70044 | D:15     | Lost mutation: You are robust. (+10% HP) [potion of
                  | mutation]
 70044 | D:15     | Lost mutation: Your muscles are strong. (Str +4, Int/Dex
                  | -1) [potion of mutation]
 70044 | D:15     | Gained mutation: Your spells are a little easier to cast,
                  | but a little less powerful. [potion of mutation]
 70044 | D:15     | Gained mutation: Your mind is acute. (Int +4, Str/Dex -1)
                  | [potion of mutation]
 70044 | D:15     | Gained mutation: Your natural rate of healing is unusually
                  | fast. [potion of mutation]
 70045 | D:15     | Lost mutation: You are vulnerable to heat. (rF-) [potion of
                  | mutation]
 70045 | D:15     | Lost mutation: Your mind is acute. (Int +4, Str/Dex -1)
                  | [potion of mutation]
 70045 | D:15     | Lost mutation: Armour fits poorly on your strangely shaped
                  | body. [potion of mutation]
 70045 | D:15     | Gained mutation: You possess an exceptional clarity of
                  | mind. [potion of mutation]
 70046 | D:15     | Lost mutation: Your natural rate of healing is unusually
                  | fast. [potion of mutation]
 70046 | D:15     | Lost mutation: Your spells are a little easier to cast, but
                  | a little less powerful. [potion of mutation]
 70046 | D:15     | Gained mutation: Your body sometimes deteriorates upon
                  | taking damage. [potion of mutation]
 70046 | D:15     | Gained mutation: Your skin changes colour to match your
                  | surroundings (Stealth+). [potion of mutation]
 70047 | D:15     | Lost mutation: Your skin changes colour to match your
                  | surroundings (Stealth+). [potion of mutation]
 70047 | D:15     | Lost mutation: You possess an exceptional clarity of mind.
                  | [potion of mutation]
 70047 | D:15     | Lost mutation: You are strong-willed. (Will+) [potion of
                  | mutation]
 70047 | D:15     | Gained mutation: Your mind is acute. (Int +4, Str/Dex -1)
                  | [potion of mutation]
 70047 | D:15     | Gained mutation: You are vulnerable to heat. (rF-) [potion
                  | of mutation]
 70047 | D:15     | Gained mutation: Your muscles are strong. (Str +4, Int/Dex
                  | -1) [potion of mutation]
 70048 | D:15     | Lost mutation: You are vulnerable to heat. (rF-) [potion of
                  | mutation]
 70048 | D:15     | Lost mutation: Your mind is acute. (Int +4, Str/Dex -1)
                  | [potion of mutation]
 70048 | D:15     | Lost mutation: Your body sometimes deteriorates upon taking
                  | damage. [potion of mutation]
 70048 | D:15     | Gained mutation: You have sharp toenails. [potion of
                  | mutation]
 70048 | D:15     | Gained mutation: Your spells are a little harder to cast,
                  | but a little more powerful. [potion of mutation]
 70049 | D:15     | Lost mutation: You have sharp toenails. [potion of
                  | mutation]
 70049 | D:15     | Lost mutation: Your spells are a little harder to cast, but
                  | a little more powerful. [potion of mutation]
 70049 | D:15     | Gained mutation: Your body sometimes deteriorates upon
                  | taking damage. [potion of mutation]
 70049 | D:15     | Gained mutation: You sometimes lose your temper in combat.
                  | [potion of mutation]
 70049 | D:15     | Gained mutation: You are partially covered in large bone
                  | plates. (SH +4) [potion of mutation]
 70049 | D:15     | Gained mutation: Your flesh is cold resistant. (rC+)
                  | [potion of mutation]
 70050 | D:15     | Lost mutation: You are partially covered in large bone
                  | plates. (SH +4) [potion of mutation]
 70050 | D:15     | Lost mutation: Your body sometimes deteriorates upon taking
                  | damage. [potion of mutation]
 70050 | D:15     | Gained mutation: Armour fits poorly on your strangely
                  | shaped body. [potion of mutation]
 70050 | D:15     | Gained mutation: Your natural rate of healing is unusually
                  | fast. [potion of mutation]
 70051 | D:15     | Lost mutation: Your natural rate of healing is unusually
                  | fast. [potion of mutation]
 70051 | D:15     | Lost mutation: You occasionally lose the ability to drink
                  | potions when taking damage. [potion of mutation]
 70051 | D:15     | Lost mutation: Armour fits poorly on your strangely shaped
                  | body. [potion of mutation]
 70051 | D:15     | Gained mutation: Your spells are a little harder to cast,
                  | but a little more powerful. [potion of mutation]
 70051 | D:15     | Gained mutation: You passively map a small area around you.
                  | [potion of mutation]
 70052 | D:15     | Lost mutation: You sometimes lose your temper in combat.
                  | [potion of mutation]
 70052 | D:15     | Lost mutation: Your muscles are strong. (Str +4, Int/Dex
                  | -1) [potion of mutation]
 70052 | D:15     | Gained mutation: You are dopey. (Int -2) [potion of
                  | mutation]
 70052 | D:15     | Gained mutation: You passively map the area around you.
                  | [potion of mutation]
 70052 | D:15     | Gained mutation: You have hidden genetic potential. [potion
                  | of mutation]
 70052 | D:15     | Gained mutation: Your spells are harder to cast, but more
                  | powerful. [potion of mutation]
 70053 | D:15     | Lost mutation: Your spells are harder to cast, but more
                  | powerful. [potion of mutation]
 70053 | D:15     | Lost mutation: Your spells are a little harder to cast, but
                  | a little more powerful. [potion of mutation]
 70053 | D:15     | Gained mutation: You have a somewhat thin skeletal
                  | structure. (Dex +2, Stealth+) [potion of mutation]
 70053 | D:15     | Gained mutation: Your natural rate of healing is unusually
                  | fast. [potion of mutation]
 70261 | Elf:1    | Bought a ring of protection from fire for 350 gold pieces
 70632 | Pan      | Entered Pandemonium
 70931 | Pan      | Found an exit through the horrors of the Abyss.
 71130 | Pan      | Noticed Nuskuer the pandemonium lord
 71137 | Pan      | Killed Nuskuer the pandemonium lord
 71321 | Pan      | Found a runed translucent door.
 71499 | Pan      | Got a demonic rune of Zot
 71833 | Pan      | Noticed Picigg the pandemonium lord
 71842 | Pan      | Killed Picigg the pandemonium lord
 71874 | Pan      | Got Roxanne's Enchiridion on Spagyria and the Tektite
 72012 | Pan      | Noticed Alyrheeh the pandemonium lord
 72019 | Pan      | Killed Alyrheeh the pandemonium lord
 72170 | Pan      | Found a runed translucent door.
 72694 | Pan      | Found a runed translucent door.
 72699 | Pan      | Found a runed translucent door.
 72784 | Pan      | Found an exit through the horrors of the Abyss.
 72987 | Pan      | Found a runed translucent door.
 72987 | Pan      | Found a runed translucent door.
 73042 | Abyss:3  | Found a runed translucent door.
 73042 | Abyss:3  | Cast into level 3 of the Abyss (reaper)
 73055 | Abyss:3  | Found a corrupted altar of Lugonu.
 73158 | Abyss:3  | Found a corrupted altar of Lugonu.
 73175 | Pan      | Escaped the Abyss
 73214 | Pan      | Noticed Bopin the pandemonium lord
 73446 | Pan      | Entered the realm of Gloorx Vloq.
 73760 | Pan      | Found an exit through the horrors of the Abyss.
 74011 | Pan      | Acquired a manual of Throwing
 74258 | Pan      | Noticed Gloorx Vloq
 74268 | Pan      | Killed Gloorx Vloq
 74277 | Pan      | Got a dark rune of Zot
 74400 | Pan      | Entered the realm of Cerebov.
 74487 | Pan      | Got the Directory of Conflagrant Congelation
 74488 | Pan      | Identified the +5 orcbow "Cyigg" {elec, rPois rCorr Dex+2}
 74494 | Pan      | Identified the ring "Wued" {rPois Str+2}
 74511 | Pan      | Identified the staff of Guilt {Hexes Earth}
 74516 | Pan      | Got the Book of the Impact
 74518 | Pan      | Identified the staff of a bazaar {rF+ Conj}
 74544 | Pan      | Identified the +0 robe of Negation {MP+9}
 74547 | Pan      | Identified the +6 fire dragon scales of Shadows and Fog
                  | {rF++ rC- rN++}
 74582 | Pan      | Identified the +1 morningstar "Loisast" {freeze, Str+2
                  | Dex+3}
 74598 | Pan      | Identified the amulet of Mutualism {rN+ Regen+}
 74687 | Pan      | Found the +6 sword of Cerebov {flame}
 74687 | Pan      | Noticed Cerebov
 74704 | Pan      | Killed Cerebov
 74743 | Pan      | Got a fiery rune of Zot
 75008 | Pan      | Reached skill level 27 in Unarmed Combat
 75518 | Pan      | Found a corrupted altar of Lugonu.
 75579 | Depths:2 | Escaped Pandemonium
 75749 | Pan      | Entered Pandemonium
 75949 | Pan      | Noticed Esij the pandemonium lord
 75960 | Abyss:6  | Cast into level 6 of the Abyss (Esij)
 76042 | Abyss:6  | Paralysed by accursed screaming for 1 turns
 76152 | Abyss:6  | Paralysed by accursed screaming for 1 turns
 76220 | Pan      | Escaped the Abyss
 76227 | Pan      | Killed Esij the pandemonium lord
 76437 | Pan      | Identified the +5 shortbow "Jamn" {flame, rC++ rN+ Int+2
                  | Dex-2}
 76792 | Pan      | Got the Papyrus of Combat Magic and Clouds
 77086 | Pan      | Entered the realm of Mnoleg.
 77761 | Pan      | Noticed Mnoleg
 77765 | Pan      | Killed Mnoleg
 77975 | Pan      | Got a glowing rune of Zot
 78103 | Pan      | Found an exit through the horrors of the Abyss.
 78207 | Pan      | Entered the realm of Lom Lobon.
 78476 | Pan      | Found an exit through the horrors of the Abyss.
 78922 | Pan      | Noticed Lom Lobon
 78934 | Pan      | Killed Lom Lobon
 79100 | Pan      | Got a magical rune of Zot
 79209 | Depths:2 | Escaped Pandemonium
 79289 | Hell     | Entered the Vestibule of Hell
 79289 | Hell     | Noticed Geryon
 79326 | Hell     | Killed Geryon
 79473 | Hell     | Found a gateway to the Iron City of Dis.
 79581 | Hell     | Found a gateway to the ashen valley of Gehenna.
 79707 | Hell     | Found a gateway to the decaying netherworld of Tartarus.
 79761 | Hell     | Found a gateway to the freezing wastes of Cocytus.
 79907 | Tar:1    | Entered Level 1 of Tartarus
 80200 | Tar:2    | Noticed an ancient lich
 80200 | Tar:2    | Noticed an ancient lich
 80200 | Tar:2    | Noticed a dread lich
 80200 | Tar:2    | Noticed a dread lich
 80200 | Tar:2    | Noticed an ancient lich
 80204 | Tar:2    | Killed an ancient lich
 80205 | Tar:2    | Killed an ancient lich
 80206 | Tar:2    | Killed a dread lich
 80211 | Tar:2    | Killed a dread lich
 80214 | Tar:2    | Killed an ancient lich
 80310 | Tar:2    | You are sucked into a shaft and drop 2 floors!
 81657 | Tar:7    | Entered Level 7 of Tartarus
 82387 | Tar:7    | Identified the +8 trident "Agaly" {spect, Fly rElec rF-
                  | Str+3 Stlth+}
 82443 | Tar:7    | Noticed the Serpent of Hell
 82451 | Tar:7    | Killed the Serpent of Hell
 82699 | Tar:7    | Noticed Ereshkigal
 82700 | Tar:7    | Paralysed by Ereshkigal for 2 turns
 82729 | Tar:7    | Killed Ereshkigal
 82755 | Tar:7    | Identified the staff of the Intense God {rF+ rC+++ Str-3
                  | Dex+4 Fire}
 82758 | Tar:7    | Identified the staff of Purpose {Str-3 Dex+7 Conj}
 82760 | Tar:7    | Got a bone rune of Zot
 82764 | Tar:7    | Identified the +3 steam dragon scales of Socitt {*Slow
                  | rPois rF+++ Dex-3}
 84032 | Coc:1    | Entered Level 1 of Cocytus
 84256 | Coc:2    | Paralysed by a wendigo for 1 turns
 85718 | Coc:7    | Entered Level 7 of Cocytus
 85813 | Coc:7    | Paralysed by a wendigo for 1 turns
 85832 | Coc:7    | Paralysed by a wendigo for 1 turns
 85838 | Coc:7    | Paralysed by a wendigo for 1 turns
 85843 | Coc:7    | Paralysed by a wendigo for 1 turns
 86000 | Coc:7    | Noticed Antaeus
 86000 | Coc:7    | Found the +0 pair of fencer's gloves {Riposte Dex+3}
 86029 | Coc:7    | Killed Antaeus
 86082 | Coc:7    | Got an icy rune of Zot
 86557 | Coc:7    | Got Dispater's Cyclopedia of Blasts
 86558 | Coc:7    | Identified the staff "Wesmuq" {rElec Conj Ice}
 86560 | Coc:7    | Identified the +2 dagger of Tension {flame, rPois rN+ SInv
                  | Stlth+}
 86858 | Dis:1    | Entered Level 1 of the Iron City of Dis
 87115 | Dis:3    | Reached skill level 27 in Dodging
 87340 | Dis:4    | Reached skill level 27 in Shields
 87370 | Dis:4    | Reached skill level 1 in Armour
 87522 | Dis:4    | Reached skill level 10 in Translocations
 87769 | Dis:5    | Reached skill level 5 in Armour
 87989 | Dis:6    | Gained mutation: You are covered in fur. (AC +1) [mutagenic
                  | glow]
 88005 | Dis:6    | Gained mutation: Your health recovers twice as slowly from
                  | being drained. [mutagenic glow]
 88010 | Dis:6    | Gained mutation: You have large cloven feet. [hidden
                  | potential]
 88017 | Dis:6    | Reached skill level 10 in Armour
 88018 | Dis:6    | Gained mutation: You occasionally lose the ability to read
                  | scrolls when taking damage. [mutagenic glow]
 88024 | Dis:6    | Gained mutation: You are clumsy. (Dex -2) [mutagenic glow]
 88225 | Dis:7    | Entered Level 7 of the Iron City of Dis
 88623 | Dis:7    | Noticed a juggernaut
 88635 | Dis:7    | Killed a juggernaut
 88639 | Dis:7    | Noticed a juggernaut
 88645 | Dis:7    | Killed a juggernaut
 88869 | Dis:7    | Identified the ring "Tidozem" {rC- rN++ Will+ Dex+6}
 89013 | Dis:7    | Found the +5 demon whip "Spellbinder" {antimagic, disrupt,
                  | Will+}
 89191 | Dis:7    | Reached skill level 15 in Armour
 89286 | Dis:7    | Noticed a juggernaut
 89289 | Dis:7    | Killed a juggernaut
 89292 | Dis:7    | Identified the +11 great mace of the Reaper {drain, rF-
                  | rN++ rCorr Dex+3}
 89292 | Dis:7    | Identified the ring of Cutzeuk {rC- rN+++ MP+9 Str-3 Int+3}
 89296 | Dis:7    | Noticed Dispater
 89307 | Dis:7    | Killed Dispater
 89398 | Dis:7    | Identified the +0 long sword of Analysis {heavy, ^Contam
                  | Str+6 Int+5}
 89402 | Dis:7    | Got an iron rune of Zot
 89654 | Dis:7    | Identified the +0 plate armour "Weguv" {rC+ Dex+3}
 90027 | Geh:1    | Entered Level 1 of Gehenna
 90045 | Geh:1    | Gained mutation: You have great hidden genetic potential.
                  | [hidden potential]
 90045 | Geh:1    | Lost mutation: You have great hidden genetic potential.
                  | [hidden potential expressed]
 90367 | Geh:2    | You are sucked into a shaft and drop 1 floor!
 90632 | Geh:2    | Lost intelligence.
 91040 | Geh:3    | Lost intelligence.
 91981 | Geh:7    | Entered Level 7 of Gehenna
 92391 | Geh:7    | Found the +13 sceptre of Asmodeus
 92391 | Geh:7    | Noticed Asmodeus
 92401 | Geh:7    | Killed Asmodeus
 92407 | Geh:7    | Gained mutation: Your muscles are strong. (Str +4, Int/Dex
                  | -1) [hidden potential]
 92896 | Geh:7    | Identified the +3 mace of Law {protect, Will++ Str-2 Int+4}
 92898 | Geh:7    | Identified the ring of Linearity {rElec rN+++ Will+ rCorr
                  | Dex-5}
 92904 | Geh:7    | Identified the +1 gold dragon scales "Vysoedunk" {Harm
                  | rPois rF+ rC+ Str+4 Slay+2 Stlth+}
 92912 | Geh:7    | Got an obsidian rune of Zot
 92965 | Geh:7    | Got Sif Muna's Elucidation of Charming Shades
 92968 | Geh:7    | Got Sif Muna's Exposition on Alluring Hyperthermia
 93674 | Tomb:1   | Entered Level 1 of the Tomb of the Ancients
 94137 | Tomb:1   | Noticed a royal mummy
 94157 | Tomb:1   | Noticed a royal mummy
 94179 | Tomb:1   | Killed a royal mummy
 94355 | Tomb:1   | Killed a royal mummy
 94667 | Tomb:2   | Noticed a royal mummy
 94668 | Tomb:2   | Noticed a royal mummy
 94672 | Tomb:2   | Noticed a royal mummy
 94673 | Tomb:2   | Noticed a royal mummy
 94674 | Tomb:2   | Killed a royal mummy
 94677 | Tomb:2   | Killed a royal mummy
 94680 | Tomb:2   | Killed a royal mummy
 94685 | Tomb:2   | Killed a royal mummy
 94940 | Tomb:1   | Noticed a royal mummy
 94940 | Tomb:1   | Noticed a royal mummy
 94940 | Tomb:1   | Noticed a royal mummy
 94940 | Tomb:1   | Noticed a royal mummy
 94940 | Tomb:1   | Noticed a royal mummy
 94943 | Tomb:1   | Killed a royal mummy
 94948 | Tomb:1   | Killed a royal mummy
 94952 | Tomb:1   | Killed a royal mummy
 94953 | Tomb:1   | Noticed a royal mummy
 94954 | Tomb:1   | Noticed a royal mummy
 94955 | Tomb:1   | Noticed a royal mummy
 94956 | Tomb:1   | Noticed a royal mummy
 94957 | Tomb:1   | Noticed a royal mummy
 94958 | Tomb:1   | Killed a royal mummy
 94958 | Tomb:1   | Killed a royal mummy
 94958 | Tomb:1   | Killed a royal mummy
 95131 | Tomb:1   | Killed a royal mummy
 95132 | Tomb:1   | Killed a royal mummy
 95132 | Tomb:1   | Killed a royal mummy
 95139 | Tomb:1   | Killed a royal mummy
 95161 | Tomb:1   | Noticed a royal mummy
 95187 | Tomb:1   | Killed a royal mummy
 95254 | Tomb:1   | Noticed a royal mummy
 95261 | Tomb:1   | Noticed a royal mummy
 95262 | Tomb:1   | Killed a royal mummy
 95265 | Tomb:1   | Noticed a royal mummy
 95265 | Tomb:1   | Noticed a royal mummy
 95265 | Tomb:1   | Noticed a royal mummy
 95265 | Tomb:1   | Noticed a royal mummy
 95267 | Tomb:1   | Killed a royal mummy
 95269 | Tomb:1   | Killed a royal mummy
 95271 | Tomb:1   | Killed a royal mummy
 95279 | Tomb:1   | Killed a royal mummy
 95292 | Tomb:1   | Killed a royal mummy
 95316 | Tomb:1   | Noticed a royal mummy
 95325 | Tomb:1   | Killed a royal mummy
 95334 | Tomb:1   | Noticed a royal mummy
 95352 | Tomb:1   | Killed a royal mummy
 95774 | Tomb:3   | Entered Level 3 of the Tomb of the Ancients
 95788 | Tomb:3   | Noticed a royal mummy
 95788 | Tomb:3   | Noticed a royal mummy
 95798 | Tomb:3   | Killed a royal mummy
 95800 | Tomb:3   | Noticed a royal mummy
 95805 | Tomb:3   | Noticed a royal mummy
 95809 | Tomb:3   | Killed a royal mummy
 95812 | Tomb:3   | Noticed a royal mummy
 95813 | Tomb:3   | Killed a royal mummy
 95813 | Tomb:3   | Noticed a royal mummy
 95814 | Tomb:3   | Noticed a royal mummy
 95815 | Tomb:3   | Noticed a royal mummy
 95817 | Tomb:3   | Paralysed by a Zot trap for 3 turns
 95835 | Tomb:3   | Killed a royal mummy
 95945 | Tomb:3   | Killed a royal mummy
 95945 | Tomb:3   | Killed a royal mummy
 95945 | Tomb:3   | Killed a royal mummy
 95951 | Tomb:3   | Killed a royal mummy
 96033 | Tomb:3   | Identified the +6 short sword of the Forsaken Moons {flame,
                  | ^Fragile Int+2 Stlth+}
 96044 | Tomb:3   | Identified the +8 sling "Gaest" {drain, rF+ SInv}
 96068 | Tomb:3   | Identified the +11 whip of Exchange {elec, Str+3 Int+3}
 96201 | Tomb:3   | Identified the +11 rapier of the Extremely Mad {holy,
                  | ^Fragile rF- Str+9 Int+2}
 96268 | Tomb:3   | Identified the +11 glaive "Plojy" {heavy, Str+4 Stlth+}
 96351 | Tomb:3   | Got a golden rune of Zot
 97072 | Zot:5    | Got the Orb of Zot
 97184 | Zot:3    | Noticed Ysobb the pandemonium lord
 97232 | Zot:1    | Noticed Puoph the pandemonium lord
 97238 | Zot:1    | Killed Puoph the pandemonium lord
 97274 | Depths:4 | Noticed Nakuva the pandemonium lord
 97282 | Depths:4 | Killed Nakuva the pandemonium lord
 97314 | Depths:3 | Noticed Wetoeto the pandemonium lord
 97319 | Depths:3 | Killed Wetoeto the pandemonium lord
 97696 | D:$      | Escaped with the Orb!

Illustrated notes

Levels and vault maps discovered:
D:1:      onia_arrival_mini_spirals, layout_basic, serial_forest,
          infiniplex_forest_straight_4, infiniplex_forest_lined_corner,
          infiniplex_forest_straight_3, infiniplex_forest_lined_3,
          infiniplex_forest_lined_3_way, infiniplex_forest_lined_corner,
          infiniplex_forest_lined_corner, infiniplex_forest_end_1,
          infiniplex_forest_end_2, infiniplex_forest_clump_tiny,
          minmay_misc_feat_room
D:2:      layout_basic, minmay_randomly_rotated_circles
D:3:      layout_rooms, serial_shops, nicolae_shop_advertising_works
          [nicolae_subvault_shop_adworks]
D:4:      layout_basic, kennysheep_vampire_church, uniq_edmund
D:5:      layout_basic, mainiacjoe_overflow_brackets,
          grunt_temple_overflow_open, nicolae_concentric_dashed_squares_mild
D:6:      layout_basic, minmay_temple_entry_glassed_door,
          nicolae_shop_firing_range, uniq_jeremiah
D:7:      kennysheep_steamy, layout_loops_ring, lemuel_round_altar,
          minmay_misc_feat_four_crosses, chequers_serial_rivers_large_a,
          uniq_pikel
D:8:      minmay_statue_hallways, layout_basic, led_sif_book, serial_shops,
          shop_statue, minmay_splitting_lines, chequers_big_river,
          minmay_radiant, uniq_grum
D:9:      layout_long_grid, nicolae_overflow_crystal_walls,
          mainiacjoe_overflow_catch_the_wave, dpeg_lair_monsters,
          enter_bailey_5, nicolae_figureground_sparkle
D:10:     layout_loops_corners, nicolae_dithmenos_shadow_blocks,
          lemuel_zombie_altar_yredelemnul, uniq_gastronok
D:11:     minmay_the_grid_triangle_9x9_rhombus_full
          [minmay_the_grid_triangle_9x9_steps,
          minmay_the_grid_triangle_9x9_intruding_spiral,
          minmay_the_grid_triangle_9x9_corruption,
          minmay_the_grid_triangle_9x9_impossible_snake,
          minmay_the_grid_triangle_9x9_descending_squares,
          minmay_the_grid_triangle_9x9_semitri,
          minmay_the_grid_triangle_9x9_odd_lines,
          minmay_the_grid_triangle_9x9_prize_top_heavy], layout_loops_ring,
          serial_shops, shop, fedhas_altar_1, uniq_nergalle, uniq_fannar,
          uniq_erica
D:12:     layout_cave_pools, hangedman_decor_points
D:13:     layout_cross, david_vaults_1
D:14:     layout_basic, nicolae_integral_box, uniq_nessos
D:15:     hangedman_depths_entry_civil_slaughter, layout_gridville
Temple:   nicolae_temple_bog_church
Lair:1:   layout_hall_layers, serial_bayou, serial_bayou_lagoon_b,
          serial_bayou_ford_a, serial_bayou_lake_a, serial_bayou_pond_c,
          uniq_joseph
Lair:2:   layout_gridlike, nicolae_spider_entry_tight_spaces
Lair:3:   layout_loops_ring, minmay_swamp_entry_reptiles, st_stairs_13,
          lemuel_fruit_fields, uniq_amaemon
Lair:4:   minmay_guarded_unrand_snakebite, layout_small_grid
Lair:5:   hangedman_lair_caniforms_friends, layout_cave_pods,
          hangedman_lair_in_review, nicolae_slime_entry_slimehenge,
          serial_bayou_shore_a, infiniplex_staircase_pool
Swamp:1:  layout_falls_marsh, nicolae_swamp_tree_isthmus,
          nicolae_swamp_decorative_isthmus, infiniplex_staircase_pool_2
Swamp:2:  layout_basic_swamp, hangedman_swamp_lotus
Swamp:3:  layout_basic_swamp, nicolae_swamp_bean_lake, swamp_pool_4
Swamp:4:  swamp_basic_johnstein, layout_basic_swamp
Spider:1: layout_chambers, nicolae_spider_orb_run, uniq_roxanne, uniq_jorgrun,
          uniq_agnes
Spider:2: layout_spider_delve, nicolae_spider_shape
Spider:3: layout_spider_delve, spiders_nest_spider_trap, uniq_donald
Spider:4: floodkiller_spider_rune_tomb, nicolae_spider_undead_wolf_pack
Slime:1:  layout_caves
Slime:2:  layout_caves
Slime:3:  layout_caves
Slime:4:  layout_caves
Slime:5:  slime_pit
Orc:1:    layout_diamond_mine, basic_altar, gammafunk_ghost_grave, serial_shops,
          nicolae_shop_window_shopping
Orc:2:    pf_orc_diabolical, layout_diamond_mine
Elf:1:    nicolae_elf_arrival_no_cutting_in_line, layout_gridlike, serial_shops,
          nicolae_shop_stone, shop, nicolae_shop_tiny_glass,
          nicolae_shop_peninsula, shop, minmay_elf_crystal_heptagon
Elf:2:    elven_hall_of_blades_hangedman_alternative
          [nicolae_blade_entry_antechamber], layout_loops_cross,
          minmay_shop_grove
Elf:3:    grunt_elf_hall_spiral, layout_rooms, serial_shops, shop
Vaults:1: nicolae_vaults_stairing_the_circle, vaults_dpeg_hooks,
          nicolae_vaults_trapezoid_lopsided_2, nicolae_vaults_tetromino_Z_1,
          nicolae_vaults_border_crossing, minmay_orc_keep, vaults_mumra_chevron,
          kennysheep_ogre_elephant_herders, hangedman_vaults_capsules,
          vaults_dpeg_diagonal, layout_vaults_omnibox, uniq_aizul
Vaults:2: nicolae_vaults_tangent_ellipses, nicolae_vaults_yaktaur_gun_rack,
          minmay_crypt_entry_simple_statues, nicolae_vaults_three_branches,
          vaults_room_fancy_cross, grunt_vaults_focal, ontoclasm_vaults_pinch,
          nicolae_vaults_storage_closets_1, nicolae_vaults_network_quinsquares
          [nicolae_vaults_network_quincunx_subvault,
          nicolae_vaults_network_quincunx_subvault,
          nicolae_vaults_network_quincunx_subvault,
          nicolae_vaults_network_quincunx_subvault], layout_vaults_omnigrid,
          uniq_margery
Vaults:3: v_misc_17, nicolae_vaults_layer_cake_slice, vaults_room_door_hall,
          v_misc_28, nicolae_vaults_little_squares_3, grunt_tower_of_power,
          vaults_room_stairs_pillars, nicolae_vaults_layer_cake_slice,
          nicolae_vaults_door_testing_chamber, nicolae_vaults_trapezoid_layered,
          nicolae_vaults_weapon_check, nicolae_vaults_closet_pinwheel_3,
          ontoclasm_vaults_eye, layout_vaults_omnicross, serial_shops,
          nicolae_shop_statue_plus, uniq_jory
Vaults:4: v_misc_5, nicolae_vaults_trapezoid_1, nicolae_vaults_statue_guard,
          nicolae_vaults_windows_and_doors_thing, vaults_room_large_hall,
          hangedman_vaults_nails, nicolae_vaults_tetromino_Z_1,
          hangedman_vaults_hat, ontoclasm_vaults_spin,
          nicolae_vaults_more_shelving_1, nicolae_vaults_little_squares_4,
          hangedman_vaults_corner_blocks, layout_vaults_ring
Vaults:5
Crypt:1:  layout_gridlike
Crypt:2:  layout_misc_corridors, basic_altar, wad_floor_pattern_untrapped,
          st_shrine_of_skulls
Crypt:3:  grunt_crypt_end_deaths_head
Tomb:1
Tomb:2
Tomb:3
Depths:1: layout_cave_pools, serial_sigils_hangedman_writhe, hell_entry,
          okawaru_altar_gauntlet_db
Depths:2: evilmike_hourglass, layout_basic, hellmouth_1, rand_demon_pan_entry_4,
          kennysheep_potato, minmay_staircase_bubble, serial_bayou_shore_b,
          uniq_enchantress
Depths:3: four-leaf_vault, layout_small_grid, grunt_hell_entry_dis_old,
          abyss_entry_crystal, minmay_misc_feat_cross, serial_shops,
          nicolae_shop_real_fake_doors, infiniplex_staircase_pillars_1
Depths:4: grunt_zot_entry_tricorne, layout_gridville, enter_ziggurat_f,
          abyss_entry, serial_shops, bzr_entry_dummy, hell_entry,
          minmay_misc_feat_iff, nicolae_qazlal_style_of_elements
Hell
Dis:1:    layout_regular_city
Dis:2:    layout_gridville
Dis:3:    layout_overlapping_boxes
Dis:4:    nicolae_dis_heavy_handed_symbolism
Dis:5:    lightli_tower_of_babel
Dis:6:    layout_regular_city, nicolae_dis_bowling_alley
Dis:7:    dis_hangedman
Geh:1:    layout_gehenna_lava_caves
Geh:2:    layout_gehenna_pools_basic, nicolae_geh_niches_of_the_damned
Geh:3:    layout_gehenna_pools_basic, lemuel_flamethrower_2
Geh:4:    layout_gehenna_pools_box
Geh:5:    layout_gehenna_pools_triple
Geh:6:    layout_gehenna_pools_box, nicolae_geh_lavax
Geh:7:    geh_grunt_pentagon
Coc:1:    layout_ice_bergs
Coc:2:    layout_ice_bergs
Coc:3:    layout_cocytus_water_paths
Coc:4:    layout_cocytus_delve
Coc:5:    layout_cocytus_water_paths
Coc:6:    layout_cocytus_water_paths
Coc:7:    coc_grunt
Tar:1:    layout_honeycomb, nicolae_tar_cuneiform_water
Tar:2:    layout_catacombs, nicolae_tar_liches_on_tour
Tar:3:    layout_grid_maze
Tar:4:    layout_catacombs
Tar:5:    layout_catacombs, nicolae_tar_cuneiform_bread
Tar:6:    layout_grid_maze
Tar:7:    tar_minmay_river
Zot:1:    layout_misc_corridors, bh_zot_levy_curve
Zot:2:    layout_misc_corridors, regret_index_zotdec_glowing_original
Zot:3:    kennysheep_oblong_rooms, layout_gridville
Zot:4:    layout_twisted_circle, regret_index_zotdec_wing_it, uniq_josephina
Zot:5:    layout_misc_corridors

Skill      XL: |  1  2  3  4  5  6  7  8  9 10 11 12 13 14 15 16 17 18 19 20 21 22 23 24 25 26 27 |
---------------+----------------------------------------------------------------------------------+-----
Unarmed Combat | 3 4 5 7 8 9 11 12 13 14 15 16 17 18 19 20 21 22 27 | 27.0
Shapeshifting  | 1 2 3 4 6 8 9 11 12 14 15 17 18 19 20 21 22 23 24 25 26 27 | 27.0
Fighting       | 5 6 7 9 10 11 13 14 16 17 18 19 20 21 22 23 24 25 26 27 | 27.0
Dodging        | 3 5 7 9 12 27 | 27.0
Shields        | 2 5 7 8 10 11 13 15 16 27 | 27.0
Spellcasting   | 5 12 | 12.0
Translocations | 4 10 | 10.2
Armour         | 26 | 26.1

Action                     |  1- 3 |  4- 6 |  7- 9 | 10-12 | 13-15 | 16-18 | 19-21 | 22-24 | 25-27 || total
---------------------------+-------+-------+-------+-------+-------+-------+-------+-------+-------++-------
  Melee: Unarmed           |    83 |   174 |   306 |   429 |   881 |  1005 |   982 |  1328 |  6699 || 11887
         Headbutt          |     9 |    21 |    51 |     8 |   102 |   174 |   230 |   237 |  1442 ||  2274
         Punch             |       |     2 |    16 |     4 |    45 |    44 |       |     6 |   185 ||   302
         Constrict         |       |       |       |    75 |    96 |       |       |       |       ||   171
         Kick              |       |       |       |       |       |       |       |       |   717 ||   717
   Cast: Blink             |       |       |       |       |       |       |       |       |     2 ||     2
 Invoke: Berserk           |       |     3 |     7 |    10 |     8 |     5 |    12 |       |       ||    45
         Trog's Hand       |       |       |     2 |     4 |     3 |     4 |     8 |       |       ||    21
         Brothers in Arms  |       |       |       |       |     2 |       |     4 |       |       ||     6
         Serpent's Lash    |       |       |       |       |       |       |       |     8 |    41 ||    49
         Heavenly Storm    |       |       |       |       |       |       |       |     3 |    22 ||    25
Ability: Lunge             |       |       |       |       |       |       |     1 |    95 |   555 ||   651
         Whirlwind         |       |       |       |       |       |       |       |   335 |  1029 ||  1364
         Wall Jump         |       |       |       |       |       |       |       |     7 |    23 ||    30
         Blinkbolt         |       |       |       |       |       |       |       |       |     1 ||     1
  Evoke: Wand              |       |       |       |     4 |       |     5 |       |       |    13 ||    22
         Lightning rod     |       |       |       |       |       |     8 |       |       |       ||     8
    Use: Potion            |       |     1 |     2 |     1 |     1 |     9 |     1 |     6 |    29 ||    50
         Scroll            |       |       |       |    15 |    11 |     8 |    16 |     7 |    39 ||    96
   Stab: Sleeping          |     1 |       |       |       |       |       |       |       |     1 ||     2
         Distracted        |       |       |       |       |       |       |     1 |     1 |     4 ||     6
 Armour: Animal skin       |    48 |   147 |   154 |       |       |       |       |       |       ||   349
         Robe              |       |       |    76 |     4 |       |       |       |       |       ||    80
         Skin              |       |       |       |   308 |  1246 |  1991 |  1552 |  1546 |   803 ||  7446
         Steam dragon scal |       |       |       |    27 |       |       |       |       |       ||    27
         Gold dragon scale |       |       |       |       |       |       |       |       |  1796 ||  1796
  Dodge: Dodged            |    32 |    79 |   171 |   293 |   741 |  1039 |   599 |   702 |  2175 ||  5831
  Block: Kite shield       |       |       |       |       |       |   314 |   663 |   796 |   196 ||  1969
         Reflection        |       |       |       |       |       |     2 |    41 |    28 |       ||    71
         Tower shield      |       |       |       |       |       |       |       |       |  3929 ||  3929
   Form: Serpent           |       |       |       |     1 |       |       |     1 |       |       ||     2
         Statue            |       |       |       |       |     1 |       |     1 |     2 |     2 ||     6
                           |       |       |       |       |       |       |       |     2 |     2 ||     4
         Storm             |       |       |       |       |       |       |       |     2 |     2 ||     4
         Death             |       |       |       |       |       |       |       |       |     6 ||     6

Table legend: (Time is in decaauts)
 A = Elapsed time spent in this place.
 B = Non-inter-level travel time spent in this place.
 C = Inter-level travel time spent in this place.
 D = Time resting spent in this place.
 E = Time spent auto-exploring this place.
 F = Levels seen in this place.
 G = Mean time per level.
                   A        B        C        D        E       F      G
               +--------+--------+--------+--------+--------+-----+--------+
         Total | 115892 | 100942 |  14950 |  10886 |  67666 | 111 | 1044.1 |
       Dungeon |  23482 |  19730 |   3752 |   2673 |  13918 |  15 | 1565.5 |
        Temple |     73 |      4 |     69 |      0 |      0 |   1 |   73.0 |
          Lair |  10025 |   8587 |   1438 |    617 |   6894 |   5 | 2005.0 |
         Swamp |   4689 |   4224 |    465 |    204 |   3183 |   4 | 1172.2 |
   Spider Nest |  11514 |  10673 |    841 |   2085 |   6614 |   4 | 2878.5 |
    Slime Pits |   3205 |   2884 |    321 |      7 |   1740 |   5 |  641.0 |
  Orcish Mines |   3008 |   2465 |    543 |    603 |   1341 |   2 | 1504.0 |
   Elven Halls |   4461 |   3936 |    525 |    427 |   2650 |   3 | 1487.0 |
        Vaults |  12058 |  10551 |   1507 |   1094 |   7021 |   5 | 2411.6 |
         Crypt |   4432 |   3777 |    655 |    243 |   2749 |   3 | 1477.3 |
          Tomb |   2900 |   2210 |    690 |      0 |   1402 |   3 |  966.7 |
        Depths |   5467 |   4050 |   1417 |    573 |   2694 |   4 | 1366.8 |
          Hell |    829 |    583 |    246 |     65 |    348 |   1 |  829.0 |
           Dis |   3943 |   3429 |    514 |    424 |   1976 |   7 |  563.3 |
       Gehenna |   4943 |   4482 |    461 |    563 |   2551 |   7 |  706.1 |
       Cocytus |   2556 |   2301 |    255 |    311 |   1263 |   7 |  365.1 |
      Tartarus |   3664 |   3151 |    513 |    123 |   2380 |   7 |  523.4 |
           Zot |   4955 |   4224 |    731 |    385 |   3010 |   5 |  991.0 |
         Abyss |   1293 |   1293 |      0 |     68 |    572 |   5 |  258.6 |
   Pandemonium |   7590 |   7590 |      0 |    265 |   4908 |  16 |  474.4 |
        Bazaar |    322 |    322 |      0 |      0 |    235 |   1 |  322.0 |
        Bailey |    474 |    474 |      0 |    151 |    212 |   1 |  474.0 |
               +--------+--------+--------+--------+--------+-----+--------+

Top non-repeatable levels by time:
Spider:1: 4079 daAuts
Spider:4: 3782 daAuts
  Lair:5: 3428 daAuts
Vaults:1: 2922 daAuts
Vaults:2: 2868 daAuts
    D:11: 2749 daAuts
Spider:3: 2431 daAuts
Vaults:3: 2345 daAuts
   Orc:2: 2281 daAuts
   Dis:7: 2259 daAuts
Vaults:5: 2199 daAuts
    D:15: 2174 daAuts
   Geh:7: 2065 daAuts
Depths:2: 2048 daAuts
   Tar:7: 2039 daAuts
